 Dungeon Crawl Stone Soup version 0.30-a0-743-gbfdf073 (webtiles) character file.

Game seed: 1672845804750681804

12311753 Blinkfrogs the Conqueror (level 27, 245/245 HPs)
             Began as a Minotaur Monk on Feb 8, 2023.
             Was a High Priest of the Shining One.
             Escaped with the Orb
             ... and 15 runes on Feb 9, 2023!
             The game lasted 07:43:13 (131939 turns).

Blinkfrogs the Conqueror (Minotaur Monk)          Turns: 131939, Time: 07:43:14

Health: 245/245    AC: 50    Str: 25    XL:     27
Magic:  39/39      EV: 22    Int: 11    God:    the Shining One [*****.]
Gold:   10365      SH: 35    Dex: 22    Spells: 20/26 levels left

rFire   + + +      SeeInvis .    I - +9 broad axe (holy)
rCold   + + +      Faith    .    g - +8 tower shield {AC+3}
rNeg    + + +      Spirit   .    e - +12 gold dragon scales
rPois   +          Reflect  .    l - +2 hat {Will+}
rElec   +          Harm     .    k - scarf {rC+ rF+}
rCorr   +          Rampage  .    D - +1 pair of gloves of Spite {Int+4 Stlth+}
Will    ++++.                    H - +1 pair of boots of Activism {Contam rElec rC+++ Dex+4} Stlth
                                 b - dreamshard necklace {*Dream Drain}
HPRegen 0.60/turn                f - ring "Utzuom" {Contam rN+++ rCorr Slay+6 Stlth-}
MPRegen 0.26/turn                R - ring "Diecs" {rF+ Will+ Slay+3}

@: glowing, studying 5 skills
A: horns 2, retaliatory headbutt, frail 1, passive freeze, MP-powered wands
0: Orb of Zot
}: 15/15 runes: decaying, slimy, silver, golden, iron, obsidian, icy, bone,
abyssal, demonic, glowing, magical, fiery, dark, gossamer
a: Renounce Religion, Divine Shield, Cleansing Flame, Summon Divine Warrior


You escaped.
You worshipped the Shining One.
The Shining One was extremely pleased with you.
You visited 17 branches of the dungeon, and saw 86 of its levels.
You visited Pandemonium 1 time, and saw 17 of its levels.
You visited the Abyss 5 times.
You visited 1 ziggurat, and saw 16 of its levels.
You also visited: Sewer, Bailey, Gauntlet and Wizlab.

You collected 19052 gold pieces.
You spent 8687 gold pieces at shops.

Inventory:

Hand Weapons
 i - a +0 broad axe of freezing
 I - a +9 broad axe of holy wrath (weapon)
 X - the +11 broad axe of the Nurturing Gods {heavy, rElec}
   (You found it in Pandemonium)

   rElec:     It insulates you from electricity.
Missiles
 n - 10 javelins (quivered)
 p - 5 silver boomerangs
 A - 42 curare-tipped darts
 Y - 18 silver javelins
Armour
 e - +12 gold dragon scales (worn)
 g - a +8 tower shield of protection (worn)
 k - a scarf of resistance (worn)
 l - a +2 hat of willpower (worn)
 u - the +1 pair of boots of Reason {rF++ rN++ Stlth+}
   (You acquired it on level 5 of the Dungeon)

   rF:        It greatly protects you from fire.
   rN:        It greatly protects you from negative energy.
   Stlth:     It makes you more stealthy.
 D - the +1 pair of gloves of Spite (worn) {Int+4 Stlth+}
   (You bought it in a shop on level 2 of the Orcish Mines)

   Int:       It affects your intelligence (+4).
   Stlth:     It makes you more stealthy.
 H - the +1 pair of boots of Activism (worn) {Contam rElec rC+++ Dex+4}
   (You found it in Pandemonium)

   Dex:       It affects your dexterity (+4).
   rC:        It renders you almost immune to cold.
   rElec:     It insulates you from electricity.
   Contam:    It causes magical contamination when unequipped.
Jewellery
 a - the ring of Saywkebo {rElec Will+++ Str-5 Dex-5 SInv}
   (You found it on level 9 of a ziggurat)

   [ring of see invisible]

   Str:       It affects your strength (-5).
   Dex:       It affects your dexterity (-5).
   rElec:     It insulates you from electricity.
   SInv:      It lets you see invisible.
   Will:      It greatly increases your willpower.
 b - the dreamshard necklace (around neck) {*Dream Drain}
   (You found it on level 3 of the Tomb of the Ancients)

   [amulet of nothing]

   *Dream:    It shatters if its wearer takes lethal or near-lethal damage,
   preventing the blow and releasing protective dreams that heal and fight for
   the wearer.
   Drain:     It drains your maximum health when unequipped.
 f - the ring "Utzuom" (left hand) {Contam rN+++ rCorr Slay+6 Stlth-}
   (You found it on level 3 of the Vaults)

   [ring of resist corrosion]

   Slay:      It affects your accuracy & damage with ranged weapons and melee
   (+6).
   rN:        It renders you almost immune to negative energy.
   Contam:    It causes magical contamination when unequipped.
   rCorr:     It protects you from acid and corrosion.
   Stlth:     It makes you less stealthy.
 w - the amulet "Ukeedwal" {Acrobat MP+9 Int+3}
   (You found it in Pandemonium)

   [amulet of the acrobat]

   It increases your evasion while moving and waiting.
   Int:       It affects your intelligence (+3).
   MP:        It affects your magic capacity (+9).
 K - the ring of the Voracious Sultana {Ice rElec Dex+3 Stlth+}
   (You found it in a Gauntlet)

   [ring of ice]

   It enhances your ice magic.
   Dex:       It affects your dexterity (+3).
   rF:        It makes you vulnerable to fire.
   rC:        It protects you from cold.
   rElec:     It insulates you from electricity.
   Stlth:     It makes you more stealthy.
 R - the ring "Diecs" (right hand) {rF+ Will+ Slay+3}
   (You took it off a deep elf blademaster on level 3 of the Elven Halls)

   [ring of willpower]

   Slay:      It affects your accuracy & damage with ranged weapons and melee
   (+3).
   rF:        It protects you from fire.
   Will:      It increases your willpower.
Wands
 y - a wand of iceblast (51)
 M - a wand of digging (16)
 O - a wand of acid (25)
Scrolls
 j - 7 scrolls of enchant armour
 m - 17 scrolls of fear
 o - 6 scrolls of blinking
 q - a scroll of magic mapping
 s - 13 scrolls of enchant weapon
 v - 47 scrolls of teleportation
 z - 24 scrolls of fog
 J - 2 scrolls of immolation
 W - 7 scrolls of butterflies
 Z - 15 scrolls of silence
Potions
 d - 5 potions of mutation
 h - 14 potions of resistance
 r - 14 potions of brilliance
 t - 7 potions of magic
 x - 3 potions of might
 B - 13 potions of flight
 C - 32 potions of curing
 F - 6 potions of heal wounds
 N - 14 potions of attraction
 P - 3 potions of ambrosia
 S - 3 potions of haste
 U - 2 potions of cancellation
 V - 9 potions of berserk rage
Miscellaneous
 c - a box of beasts
 E - a phial of floods
 G - a lightning rod (4/4)
 L - a tin of tremorstones (2/2)
 Q - a phantom mirror
 T - a figurine of a ziggurat


   Skills:
 O Level 27 Fighting
 O Level 27 Axes
 O Level 27 Throwing
 O Level 27 Armour
 O Level 27 Dodging
 - Level 1.5 Stealth
 O Level 27 Shields
 + Level 14.8 Translocations
 O Level 27 Invocations
 + Level 23.0 Evocations


You had 20 spell levels left.
You knew the following spells:

 Your Spells              Type           Power      Damage    Failure   Level
a - Blink                 Tloc           64%        N/A       1%          2
b - Manifold Assault      Tloc           32%        N/A       5%          4

Your spell library contained the following spells:

 Spells                   Type           Power      Damage    Failure   Level
 Teleport Other           Tloc           32%        N/A       1%          3
 Passage of Golubria      Tloc           32%        N/A       5%          4
 Portal Projectile        Hex/Tloc       32%        N/A       34%         3
 Vhi's Electric Charge    Tloc/Air       32%        N/A       34%         3
 Dispersal                Tloc           16%        N/A       65%         6
 Kindle Blastsparks       Fire/Tloc/Air  20%        2d11      69%         3
 Iskenderun's Mystic Bla  Conj/Tloc      16%        2d5       75%         4
 Beastly Appendage        Tmut           0%         N/A       94%         1
 Freeze                   Ice            0%         1d3       94%         1
 Kiss of Death            Conj/Necr      0%         2d5       94%         1
 Magic Dart               Conj           0%         1d3       94%         1
 Sandblast                Erth           0%         2d4       94%         1
 Shock                    Conj/Air       0%         1d3       94%         1
 Slow                     Hex            0%         N/A       94%         1
 Sting                    Tmut/Pois      0%         1d3       94%         1
 Summon Small Mammal      Summ           0%         N/A       94%         1
 Summon Forest            Summ/Tloc      8%         N/A       97%         5
 Call Imp                 Summ           0%         N/A       98%         2
 Cigotuvi's Dreadful Rot  Necr/Pois/Air  0%         N/A       98%         2
 Ensorcelled Hibernation  Hex/Ice        0%         N/A       98%         2
 Passwall                 Tmut/Erth      0%         N/A       98%         2
 Poisonous Vapours        Pois/Air       0%         N/A       98%         2
 Scorch                   Fire           0%         2d5       98%         2
 Sublimation of Blood     Necr           0%         N/A       98%         2
 Wereblood                Tmut           0%         N/A       98%         2
 Call Canine Familiar     Summ           0%         N/A       100%        3
 Confusing Touch          Hex            0%         N/A       100%        3
 Dazzling Flash           Conj/Hex       0%         N/A       100%        3
 Frozen Ramparts          Ice            0%         1d1       100%        3
 Hailstorm                Conj/Ice       0%         3d3       100%        3
 Ignite Poison            Fire/Tmut/Pois 0%         N/A       100%        3
 Inner Flame              Hex/Fire       0%         N/A       100%        3
 Mephitic Cloud           Conj/Pois/Air  0%         N/A       100%        3
 Ozocubu's Armour         Ice            0%         N/A       100%        3
 Spider Form              Tmut/Pois      0%         N/A       100%        3
 Stone Arrow              Conj/Erth      0%         3d7       100%        3
 Summon Guardian Golem    Hex/Summ       0%         N/A       100%        3
 Swiftness                Air            0%         N/A       100%        3
 Tukima's Dance           Hex            0%         N/A       100%        3
 Vampiric Draining        Necr           0%         2d6       100%        3
 Airstrike                Air            0%         2d(0-16)  100%        4
 Anguish                  Hex/Necr       0%         N/A       100%        4
 Animate Armour           Summ/Erth      0%         N/A       100%        4
 Cause Fear               Hex            0%         N/A       100%        4
 Flame Wave               Conj/Fire      0%         2d4       100%        4
 Ice Form                 Ice/Tmut       0%         N/A       100%        4
 Leda's Liquefaction      Hex/Erth       0%         N/A       100%        4
 Olgreb's Toxic Radiance  Pois           0%         N/A       100%        4
 Petrify                  Tmut/Erth      0%         N/A       100%        4
 Sticky Flame             Conj/Fire      0%         2d3       100%        4
 Summon Ice Beast         Ice/Summ       0%         N/A       100%        4
 Summon Lightning Spire   Summ/Air       0%         N/A       100%        4
 Agony                    Necr           0%         N/A       100%        5
 Alistair's Intoxication  Tmut/Pois      0%         N/A       100%        5
 Arcjolt                  Conj/Air       0%         1d10      100%        5
 Blade Hands              Tmut           0%         N/A       100%        5
 Borgnjor's Vile Clutch   Necr/Erth      0%         N/A       100%        5
 Fireball                 Conj/Fire      0%         3d3       100%        5
 Freezing Cloud           Conj/Ice/Air   0%         6-21      100%        5
 Irradiate                Conj/Tmut      0%         3d11      100%        5
 Iskenderun's Battlesphe  Conj           0%         2d6       100%        5
 Lee's Rapid Deconstruct  Erth           0%         3d4*      100%        5
 Lightning Bolt           Conj/Air       0%         1d11      100%        5
 Metabolic Englaciation   Hex/Ice        0%         N/A       100%        5
 Silence                  Hex/Air        0%         N/A       100%        5
 Summon Mana Viper        Hex/Summ       0%         N/A       100%        5
 Yara's Violent Unravell  Hex/Tmut       0%         3d3       100%        5
 Conjure Ball Lightning   Conj/Air       0%         3x3d6     100%        6
 Death Channel            Necr           0%         N/A       100%        6
 Eringya's Noxious Bog    Tmut/Pois      0%         N/A       100%        6
 Iron Shot                Conj/Erth      0%         9d1       100%        6
 Simulacrum               Ice/Necr       0%         N/A       100%        6
 Starburst                Conj/Fire      0%         6d3       100%        6
 Statue Form              Tmut/Erth      0%         N/A       100%        6
 Summon Cactus Giant      Summ           0%         N/A       100%        6
 Dragon Form              Tmut           0%         N/A       100%        7
 Enfeeble                 Hex            0%         N/A       100%        7
 Malign Gateway           Summ/Tloc      8%         N/A       100%        7
 Monstrous Menagerie      Summ           0%         N/A       100%        7
 Orb of Destruction       Conj           0%         9d5       100%        7
 Ozocubu's Refrigeration  Ice            0%         4d7       100%        7
 Spellforged Servitor     Conj/Summ      0%         N/A       100%        7
 Storm Form               Tmut/Air       0%         N/A       100%        7
 Summon Hydra             Summ           0%         N/A       100%        7
 Discord                  Hex            0%         N/A       100%        8
 Disjunction              Tloc           16%        N/A       100%        8
 Ignition                 Fire           0%         3d3       100%        8
 Lehudib's Crystal Spear  Conj/Erth      0%         10d2      100%        8
 Maxwell's Capacitive Co  Air            0%         ∞         100%        8
 Dragon's Call            Summ           0%         N/A       100%        9
 Polar Vortex             Ice            0%         N/A       100%        9


Dungeon Overview and Level Annotations

Branches:
Dungeon (15/15)            Temple (0/1) D:7            Lair (5/5) D:8
  Swamp (4/4) Lair:3       Spider (4/4) Lair:2        Slime (5/5) Lair:5
    Orc (2/2) D:9             Elf (3/3) Orc:2        Vaults (5/5) D:14
  Crypt (3/3) Vaults:2       Tomb (3/3) Crypt:3      Depths (4/4) D:15
   Hell (visited)             Dis (7/7) Hell            Geh (7/7) Hell
    Coc (7/7) Hell            Tar (7/7) Hell            Zot (5/5) Depths:4
  Sewer (visited)          Bailey (visited)          WizLab (visited)
Gauntlet (visited)

Altars:
Cheibriados
Elyvilon
Gozag
Kikubaaqudgha
Qazlal
Xom
Yredelemnul
The Shining One
Jiyva

Shops:
D:12 *   Orc:2 *[   Elf:1 :((   Elf:3 (   Vaults:1 :   Vaults:4 *
Vaults:5 ?[!!!:?!!=   Depths:1 (   Depths:3 *

Portals:
Hell: Depths:1 Depths:2 Depths:3 Depths:4
Abyss: Depths:2 Depths:3
Pandemonium: Depths:2

Annotations:
D:1 GG
Depths:3 3 runed translucent doors, Maso's ghost, veteran MiBe


Innate Abilities, Weirdness & Mutations

You have a pair of horns on your head.
You reflexively headbutt those who attack you in melee.
You are frail. (-10% HP)
A frigid envelope surrounds you and freezes all who hurt you.
You expend magic power (3 MP) to strengthen your wands.


Message History

(D) Dungeon (T) Temple (L) Lair (S) Swamp (N) Spider Nest (M) Slime Pits (O) Orcish Mines (E) Elven Halls (V) Vaults (C) Crypt (W) Tomb (U) Depths (H) Hell (I) Dis (G) Gehenna (X) Cocytus (Y) Tartarus (Z) Zot
Where to? (Enter - D:1 @ (x,y), ? - help)
There is a stone staircase leading up here.
You climb upwards.
There is a stone staircase leading down here.
There is a stone staircase leading up here.
You climb upwards.
There is a stone staircase leading down here.
There is a stone staircase leading up here.
You climb upwards.
There is a stone staircase leading down here.
You see here a +0 short sword.
There is a stone staircase leading up here.
You climb upwards.
There is a stone staircase leading down here.
Magic restored.
A glowing orange brain comes into view.
An efreet comes into view.
It is wielding a +0 scimitar of flaming.
You slash the glowing orange brain! You headbutt the glowing orange brain.
The glowing orange brain is moderately wounded.
You slice the glowing orange brain like a ripe choko!!!
You kill the glowing orange brain!
The Shining One accepts your kill.
You slice the efreet!!
The efreet convulses!
You kill the efreet!
The Shining One accepts your kill.
No target in view!
No target in view!
You see here a +0 scimitar of flaming.
There is a staircase leading out of the dungeon here.
Annotate which branch? (. - D:1, ? - help, ! - show branch list)
Okay, then.
Annotate which branch? (. - D:1, ? - help, ! - show branch list) New annotation for D:1 (include '!' for warning): GG You can't go down here!
You have escaped!

######.##.#............#.#
........#..#...#......#..#
........#...#...#....#...#
........#....#...#..#....#
.....(..#.....#.#.##.^...#
........#......#...#.#...#
........#...#.#..(..#...######
........#....#..)..#.#[#.#...# #
..........#...#.@.#...#....#.####
........#..#...#.#...#.#.###....#
#######)#...#...#...#....# ####..
#.#....#.#...#.....####.... #
#.#.....#...##.....#.....##
#######.#....#.#.#..#....#...#...
.#......#...#...#....#...#.###..#
.#.####.#..#...#.#....#..#.......
.#.####.#.#...#........#.#.######


There were no monsters in sight!

Vanquished Creatures
  Cerebov (Pan)
  Asmodeus (Geh:7)
  the Royal Jelly (Slime:5)
  Ignacio (Pan)
  Ereshkigal (Tar:7)
  Mnoleg (Pan)
  the Serpent of Hell (Geh:7)
  10 dread liches
  Lom Lobon (Pan)
  14 pandemonium lords
  Dispater (Dis:7)
  7 orbs of fire (Zot:5)
  10 ancient liches
  Mara (Depths:1)
  3 juggernauts (Dis:7)
  26 royal mummies
  Parghit (Zot:2)
  2 Killer Klowns (Zot:5)
  Bai Suzhen (Depths:1)
  9 shard shrikes
  A curse toe (Crypt:3)
  22 caustic shrikes
  6 golden dragons
  Geryon (Hell)
  22 profane servitors
  26 bone dragons
  20 Tzitzimimeh
  9 doom hounds
  4 electric golems
  16 Brimstone Fiends
  2 spectral shard shrikes
  9 iron giants
  22 Ice Fiends
  9 liches
  23 tainted leviathans
  Rupert (D:15)
  A walking earthen tome (Depths:3)
  Cloud Mage (WizLab)
  Zenata (Vaults:1)
  11 hellephants
  27 Orb Guardians
  A walking crystal tome (Depths:2)
  Mlioglotl (Swamp:2)
  15 tentacled monstrosities
  A quicksilver dragon (shapeshifter) (D:15)
  21 Hell Sentinels
  A deep elf blademaster (Elf:3)
  20 searing wretches
  2 deep elf master archers (Elf:3)
  A walking divine tome (Depths:2)
  3 quicksilver dragons
  18 titans
  A walking frostbound tome (Depths:2)
  19 Executioners
  45 ancient champions
  23 acid blobs
  Grunn (Zot:4)
  4 sphinxes
  8 death cobs
  8 tentacled starspawn
  2 thorn hunters
  7 shadow dragons
  A nagaraja (Zig:13)
  Donald (Swamp:2)
  11 tengu reavers
  Roxanne (D:15)
  14 storm dragons
  35 fire giants
  11 rockslimes
  10 revenants
  The ghost of Lept the Severer, an adept DsBe of Trog (Swamp:2)
  12 draconian monks
  A fenstrider witch (Swamp:1)
  12 draconian knights
  4 narguns
  14 azure jellies
  7 deep elf sorcerers
  11 vault wardens
  12 demonspawn warmongers (Pan)
  3 emperor scorpions
  15 quicksilver elementals
  17 frost giants
  A spectral juggernaut (Tar:1)
  10 draconian scorchers
  6 ghouls
  9 shard shrike simulacra
  Louise (Swamp:1)
  8 iron dragons
  3 ghost moths
  12 draconian shifters
  10 draconian annihilators
  5 orc warlords
  9 draconian stormcallers
  6 curse skulls
  51 balrugs
  29 very ugly things
  An angel (Abyss:4)
  A spectral caustic shrike (Tar:6)
  10 demonspawn corrupters (Pan)
  A caustic shrike skeleton (Crypt:1)
  A spriggan defender (Depths:2)
  38 war gargoyles
  13 demonspawn blood saints
  27 reapers
  10 quicksilver oozes
  4 deep elf elementalists (Elf:3)
  13 elemental wellsprings
  2 broodmothers
  17 cacodemons
  9 ironbound thunderhulks
  22 stone giants
  A juggernaut skeleton (Crypt:2)
  16 green draconians
  2 spectral titans (Tar:1)
  11 demonspawn black suns (Pan)
  23 ironbound preservers
  5 deep elf annihilators (Elf:3)
  11 eleionomae
  10 bennus
  5 deep elf demonologists (Elf:3)
  23 putrid mouths
  12 purple draconians
  A minotaur (Gauntlet)
  18 vampire knights
  10 white draconians
  24 lorocyprocas
  15 wendigos
  16 black draconians
  21 iron golems
  14 yellow draconians
  15 ettins
  5 dire elephants
  10 red draconians
  13 spark wasps
  7 bunyips
  2 acid blob zombies
  8 eidola
  25 blizzard demons
  A spectral kraken (Tar:7)
  20 green deaths
  25 mummy priests
  3 spectral spriggans
  9 deep elf death magi
  8 entropy weavers
  2 spectral fenstrider witches (Swamp:2)
  8 jiangshi
  5 deep elf high priests
  7 fire dragons
  11 great orbs of eyes
  15 yaktaur captains
  5 rakshasas
  4 shambling mangroves
  12 salamander tyrants
  34 vault guards
  8 juggernaut simulacra
  The ghost of Buto the Reanimator, a journeyman MeNe (D:11)
  26 hydras
  5 hell beasts
  A jorogumo (Spider:1)
  A peacekeeper (Vaults:3)
  9 boulder beetles
  11 ice dragons
  7 spriggan air magi
  9 caustic shrike simulacra
  10 ghost crabs
  5 ogre magi
  4 death knights
  7 ironbound frosthearts
  2 catoblepae (Abyss:3)
  5 radroaches
  A spectral stone giant (Tar:6)
  Erica (D:9)
  6 alligators
  43 dancing weapons
  An anaconda (Zig:4)
  18 centaur warriors
  47 death scarabs
  A naga warrior (Zig:4)
  7 vampire magi
  4 tengu warriors
  4 stokers
  5 deep troll shamans
  An orc high priest (Orc:2)
  5 deep troll earth magi
  A two-headed ogre (shapeshifter) (Vaults:5)
  14 two-headed ogres
  A merfolk aquamancer (Zig:13)
  20 thrashing horrors
  6 death yaks (Lair:4)
  2 spectral dire elephants
  45 hell hogs
  2 shock serpents
  4 hell knights
  6 spriggan berserkers
  Nergalle (Lair:1)
  43 soul eaters
  2 spectral nagas
  A titan skeleton (Abyss:3)
  14 wretched stars
  14 crystal echidnas
  A fire crab (shapeshifter) (D:14)
  4 salamander mystics (Zig:13)
  A sun moth (Pan)
  13 deep elf knights
  5 goliath frogs
  71 sun demons
  32 sixfirhies
  Amaemon (D:9)
  25 skeletal warriors
  4 iron trolls
  A spatial maelstrom (Abyss:4)
  A cherub (D:8)
  4 death drakes
  9 pharaoh ants
  5 quicksilver dragon simulacra
  7 shadow wraiths
  A spectral anaconda (Tar:6)
  A deep troll (shapeshifter) (Depths:4)
  70 deep trolls
  An orb spider (shapeshifter) (Abyss:3)
  12 shadow demons
  13 swamp dragons
  5 orb spiders
  A spectral iron dragon (Tar:1)
  14 glowing orange brains
  A storm dragon skeleton (Vaults:5)
  9 flayed ghosts
  9 spriggan druids
  2 fenstrider witch simulacra (Swamp:2)
  4 harpies (Vaults:2)
  3 orange crystal statues
  8 deep elf archers
  An obsidian statue (Zig:14)
  A lindwurm (shapeshifter) (Abyss:3)
  18 lindwurms
  14 wizards
  5 steelbarb worms
  10 bog bodies
  15 ironbound convokers
  21 starcursed masses
  30 deep elf pyromancers
  17 wolf spiders
  5 orc sorcerers
  2 stone giant zombies
  10 phantasmal warriors
  26 deep elf zephyrmancers
  A shadow dragon skeleton (Crypt:2)
  8 necromancers
  14 orc knights
  5 will-o-the-wisps
  A golden dragon skeleton (Crypt:1)
  56 ugly things
  2 spectral ettins
  A sphinx skeleton (Crypt:2)
  A manticore (shapeshifter) (D:13)
  6 shining eyes
  2 manticores (D:13)
  8 cyclopes
  24 moths of wrath
  2 moths of wrath (shapeshifter)
  An elephant (shapeshifter) (Vaults:4)
  7 apocalypse crabs
  A dire elephant zombie (Crypt:1)
  66 smoke demons
  Joseph (D:7)
  7 naga magi
  4 rust devils
  An ice statue (Zig:14)
  An eye of devastation (shapeshifter) (Abyss:4)
  3 eyes of devastation
  5 torpor snails
  8 black mambas
  A guardian serpent (Lair:5)
  An alligator snapping turtle zombie (Crypt:1)
  22 hellions
  27 demonic crawlers
  28 orange demons
  3 titan simulacra
  16 cane toads
  A human zombie (Vaults:5)
  A shock serpent skeleton (Crypt:3)
  2 unseen horrors
  14 vault sentinels
  5 rime drakes
  7 kobold demonologists
  Psyche (D:9)
  2 tengu conjurers (D:14)
  40 tormentors
  8 spectral swamp worms (Tar:7)
  8 freezing wraiths
  A green draconian zombie (Crypt:1)
  26 yaktaurs
  18 komodo dragons
  A sea snake zombie (Crypt:2)
  A yaktaur (shapeshifter) (Elf:1)
  65 guardian mummies
  7 ice devils
  4 anaconda simulacra
  2 harpy zombies
  6 iron giant simulacra
  6 catoblepas skeletons
  An efreet (D:1)
  A black draconian skeleton (Crypt:1)
  A golden dragon simulacrum (Coc:2)
  An alligator snapping turtle skeleton (Crypt:3)
  5 spectral harpies
  A silent spectre (Tar:6)
  3 wind drakes (WizLab)
  14 polar bears
  11 ancient zymes
  6 red devils (Pan)
  20 trolls
  26 hornets
  2 shadow dragon simulacra
  3 bloated husks
  23 hellwings
  19 raiju
  6 meliai
  8 tyrant leeches
  35 tarantellas
  12 blink frogs
  A merfolk zombie (Crypt:1)
  A tarantella zombie (Crypt:1)
  Prince Ribbit (D:6)
  An iron dragon simulacrum (Coc:4)
  5 harpy skeletons
  A dream sheep (shapeshifter) (D:14)
  A dream sheep (Lair:5)
  2 stone giant simulacra
  A fire dragon skeleton (Crypt:1)
  A satyr zombie (Crypt:2)
  26 culicivoras
  31 jumping spiders
  113 slime creatures
  36 flying skulls
  3 centaur simulacra
  65 large abominations
  2 spriggans (shapeshifter)
  21 spriggans
  16 air elementals
  9 wyverns
  An ice dragon skeleton (Crypt:1)
  15 ushabtiu
  41 ynoxinuls
  7 fire elementals
  10 wraiths
  42 yaks
  5 dire elephant simulacra
  A shadow (Abyss:3)
  2 vampires
  An ettin skeleton (Vaults:5)
  4 naga simulacra
  6 water elementals
  9 fire bats
  38 neqoxecs
  3 alligator snapping turtle simulacra
  8 basilisks
  2 black mamba skeletons (Pan)
  4 humans (Bailey)
  7 golden eyes
  A yak (shapeshifter) (Abyss:4)
  65 redbacks
  3 steam dragons
  A steam dragon (shapeshifter) (Depths:4)
  6 spriggan simulacra
  A wind drake skeleton (Crypt:1)
  21 vampire mosquitoes
  46 chaos spawn
  An elf skeleton (Vaults:5)
  A naga (Zig:1)
  5 spatial vortices (Abyss:4)
  15 harpy simulacra
  16 swamp worms
  A glowing shapeshifter zombie (Vaults:5)
  6 wargs
  4 hydra simulacra
  12 hell hounds
  A deep troll zombie (Crypt:3)
  23 water moccasins
  A naga skeleton (Crypt:1)
  3 death drake simulacra (Swamp:2)
  6 floating eyes
  A demonspawn skeleton (Crypt:3)
  Duvessa (D:4)
  7 ettin simulacra
  A human simulacrum (Vaults:5)
  43 orc warriors
  6 swamp drakes
  A dream sheep zombie (Crypt:2)
  An ice beast (D:6)
  4 sky beasts
  32 ogres
  16 black bears
  23 wolves
  18 centaurs
  2 phantoms
  27 small abominations
  A gnoll sergeant (D:7)
  21 kobold brigands
  14 bullfrogs
  A scorpion (shapeshifter) (Vaults:5)
  3 necrophages
  11 earth elementals
  8 scorpions
  6 wights
  Dowan (D:4)
  7 killer bees
  5 spriggan skeletons
  2 electric eels (Lair:3)
  A yak skeleton (Crypt:3)
  2 howler monkeys
  6 crimson imps (Pan)
  A quasit (Abyss:4)
  Crazy Yiuf (D:4)
  6 jellies
  A gnoll bouda (D:8)
  16 orc priests
  7 hounds
  Natasha (thrice) (D:4)
  5 iguanas
  21 orc wizards
  Terence (D:3)
  A sky beast zombie (Crypt:2)
  42 mummies
  11 gnolls
  13 adders
  6 river rats
  2 shadow imps
  3 white imps
  7 ufetubi
  9 worms
  A dart slug (D:2)
  83 orcs
  13 ball pythons
  5 bats
  10 endoplasms
  5 giant cockroaches
  6 goblins
  9 hobgoblins
  21 jackals
  25 kobolds
  2 quokkas
  5 frilled lizards
  A goblin skeleton (Crypt:1)
  A jackal skeleton (Crypt:2)
  An orc skeleton (Crypt:2)
  32 rats
  18 briar patches
  2 creeping infernos (Geh:3)
  30 fire vortices
  2 fungi (Lair:2)
  6 starspawn tentacles
  A tentacle (Tar:7)
4734 creatures vanquished.

Vanquished Creatures (collateral kills)
  Antaeus (Coc:7)
  A pandemonium lord (D:8)
  Gloorx Vloq (Pan)
  Khufu (Tomb:1)
  Mennas (Tomb:2)
  A juggernaut (Depths:3)
  4 royal mummies
  Saint Roka (Vaults:1)
  A golden dragon (Depths:4)
  A doom hound (Zot:4)
  A profane servitor (Zig:10)
  A tentacled monstrosity (Zot:2)
  3 Tzitzimimeh
  A Brimstone Fiend (Pan)
  An iron giant (Dis:6)
  An Orb Guardian (Zot:5)
  2 Ice Fiends (Coc:7)
  A lich (D:8)
  A Hell Sentinel (Dis:7)
  5 acid blobs (Slime:5)
  An Executioner (Pan)
  2 ancient champions
  A sphinx (Depths:2)
  An azure jelly (Slime:5)
  A draconian knight (Zig:12)
  3 emperor scorpions (Spider:4)
  A ghost moth (Spider:4)
  A draconian stormcaller (Zig:12)
  A curse skull (Zig:10)
  An orc warlord (Orc:1)
  3 cacodemons (Pan)
  2 war gargoyles
  5 very ugly things
  A stone giant (Depths:2)
  2 spriggan defenders (Depths:2)
  A vampire knight (Zig:10)
  A purple draconian (Depths:4)
  A spark wasp (Depths:2)
  A white draconian (Depths:4)
  A starcursed mass (Abyss:3)
  2 mummy priests
  6 iron golems
  An ettin (Depths:2)
  A hydra (Swamp:3)
  A dancing weapon (Elf:2)
  A spriggan berserker (Depths:3)
  2 soul eaters (Pan)
  3 deep elf knights
  4 sixfirhies (Pan)
  4 sun demons (Pan)
  A pharaoh ant (Spider:4)
  A sun moth (Spider:1)
  A skeletal warrior (Tomb:2)
  A flayed ghost (Zig:10)
  An orb spider (Spider:4)
  A wizard (Pan)
  2 deep elf archers (Elf:1)
  6 deep elf zephyrmancers
  A steelbarb worm (Spider:4)
  2 deep elf pyromancers
  A wolf spider (Spider:1)
  7 smoke demons (Pan)
  A cane toad (Lair:5)
  A demonic crawler (Spider:1)
  An orange demon (Abyss:3)
  A tormentor (Coc:7)
  A red devil (Pan)
  6 guardian mummies
  2 hornets
  A harpy skeleton (Pan)
  A raiju (Abyss:3)
  3 large abominations
  A flying skull (Tomb:1)
  2 spriggans
  A jumping spider (Spider:4)
  A culicivora (Spider:1)
  3 ynoxinuls (Pan)
  A wraith (Abyss:3)
  2 chaos spawn (Pan)
  A redback (Spider:4)
  A vampire mosquito (Swamp:3)
  3 neqoxecs
  A water moccasin (Lair:5)
  A naga skeleton (Pan)
  A swamp dragon zombie (Tomb:3)
  A small abomination (Abyss:3)
  A crimson imp (Pan)
  2 orc wizards (Vaults:1)
  4 mummies (Tomb:1)
  A white imp (Abyss:3)
  An ufetubus (Abyss:3)
  4 orcs
162 creatures vanquished.

Vanquished Creatures (others)
  Margery (Depths:4)
  A Brimstone Fiend (Pan)
  2 fire giants (Geh:1)
  A draconian scorcher (Zot:2)
  A frost giant (Depths:3)
  A balrug (Pan)
  A demonspawn blood saint (Pan)
  A reaper (Pan)
  An elemental wellspring (Coc:5)
  A wendigo (Coc:7)
  A deep elf death mage (Zig:15)
  A blizzard demon (Pan)
  A fire dragon (Depths:2)
  5 hydras (Zig:14)
  A thrashing horror (Abyss:4)
  3 wizards (Pan)
  A deep troll (Vaults:2)
  A deep elf zephyrmancer (Elf:1)
  A deep elf pyromancer (Elf:3)
  5 smoke demons (Pan)
  An iron giant simulacrum (Coc:4)
  A bunyip simulacrum (Coc:1)
  A hornet (Swamp:4)
  3 hellwings (Pan)
  4 tyrant leeches
  3 bloated husks
  A centaur simulacrum (Coc:1)
  A dire elephant simulacrum (Coc:6)
  A chaos spawn (Pan)
  A vampire mosquito (Swamp:4)
  A harpy simulacrum (Coc:6)
  A hydra simulacrum (Coc:6)
  A swamp worm (Swamp:1)
  2 ettin simulacra
  A naga simulacrum (Coc:6)
  A small abomination (Abyss:4)
  14 ball lightnings (Pan)
  6 briar patches (Zig:9)
  A creeping inferno (Geh:4)
  12 foxfires
  23 fungi
  A lurking horror (Abyss:4)
  93 plants
  12 starspawn tentacles
  3 tentacles (Tar:7)
220 creatures vanquished.

Grand Total: 5116 creatures vanquished

Notes
Turn   | Place    | Note
-------+----------+-------------------------------------------
     0 | D:1      | Blinkfrogs the Minotaur Monk began the quest for the Orb.
     0 | D:1      | Reached XP level 1. HP: 19/19 MP: 0/0
    94 | D:1      | Reached XP level 2. HP: 27/27 MP: 1/1
   105 | D:1      | Reached skill level 1 in Armour
   515 | D:1      | Reached XP level 3. HP: 33/33 MP: 2/2
   741 | D:2      | Found a faded altar of an unknown god.
   756 | D:2      | Got Plato's Volume of Poisoning
  1249 | D:2      | Reached XP level 4. HP: 41/41 MP: 3/3
  1491 | D:3      | Reached skill level 5 in Axes
  1715 | D:3      | Noticed a centaur
  1731 | D:3      | Killed a centaur
  1732 | D:3      | Reached XP level 5. HP: 17/47 MP: 4/4
  1831 | D:3      | Noticed Terence
  1870 | D:3      | Killed Terence
  2285 | D:4      | Reached skill level 5 in Fighting
  2291 | D:4      | Reached XP level 6. HP: 55/56 MP: 5/5
  2347 | D:4      | Noticed Natasha
  2353 | D:4      | Killed Natasha
  2409 | D:4      | Noticed a sky beast
  2424 | D:4      | Killed a sky beast
  3041 | D:4      | Noticed Duvessa
  3044 | D:4      | Gained mutation: Your movements are slightly less
                  | encumbered by armour. (ER -2) [potion of mutation]
  3044 | D:4      | Gained mutation: You are clumsy. (Dex -2) [potion of
                  | mutation]
  3047 | D:4      | Noticed Dowan
  3057 | D:4      | Noticed Natasha
  3217 | D:4      | Identified the +8 whip of Xashrasm {heavy, Drain +Blink
                  | rPois Int+4}
  3238 | D:4      | Killed Duvessa
  3239 | D:4      | Reached XP level 7. HP: 37/62 MP: 6/6
  3403 | D:4      | Killed Dowan
  3671 | D:4      | Killed Natasha
  3705 | D:4      | Found a runed translucent door.
  3706 | D:4      | Noticed Crazy Yiuf
  3986 | D:5      | Entered Level 5 of the Dungeon
  4009 | D:5      | Noticed a kobold demonologist
  4012 | D:5      | Noticed a chaos spawn
  4014 | D:5      | Noticed a red devil
  4087 | D:5      | Noticed a hellwing
  4088 | D:5      | Noticed a sun demon
  4116 | D:4      | Noticed Natasha
  4125 | D:4      | Killed Natasha
  4307 | D:5      | Identified 2 scrolls of acquirement
  4308 | D:5      | Acquired the +1 pair of boots of Reason {rF++ rN++ Stlth+}
  4320 | D:5      | Acquired a +3 heavy battleaxe
  4368 | D:5      | Reached skill level 5 in Armour
  4399 | D:4      | Reached XP level 8. HP: 35/71 MP: 7/7
  4697 | D:5      | Noticed an orange demon
  4697 | D:5      | Noticed an ice devil
  4701 | D:5      | Killed a kobold demonologist
  4739 | D:5      | Found a glowing drain.
  4743 | Sewer    | Entered a sewer
  5079 | Sewer    | Identified the +5 chain mail of Impatience {-Cast rC+ Str+3
                  | Dex+4}
  5149 | Sewer    | Reached skill level 10 in Axes
  5721 | D:6      | Reached XP level 9. HP: 77/81 MP: 8/8
  5744 | D:6      | Noticed Prince Ribbit
  5747 | D:6      | Killed Prince Ribbit
  5854 | D:6      | Found a stormy altar of Qazlal.
  5854 | D:6      | Found a shimmering altar of Xom.
  5859 | D:6      | Found a glowing golden altar of the Shining One.
  5868 | D:6      | Found a white marble altar of Elyvilon.
  5870 | D:6      | Became a worshipper of the Shining One
  5870 | D:6      | Reached * piety under the Shining One
  5870 | D:6      | Reached ** piety under the Shining One
  5873 | D:6      | Found an opulent altar of Gozag.
  5918 | D:6      | Found a basalt altar of Yredelemnul.
  5932 | D:6      | Reached skill level 1 in Invocations
  6984 | D:7      | Found a staircase to the Ecumenical Temple.
  7000 | D:7      | Noticed Joseph
  7008 | D:7      | Killed Joseph
  7009 | D:7      | Reached XP level 10. HP: 81/91 MP: 9/11
  7125 | D:8      | Found a flagged portal.
  7143 | Bailey   | Entered a bailey
  7219 | Bailey   | Noticed a vault guard
  7225 | Bailey   | Killed a vault guard
  7252 | Bailey   | Noticed a vault guard
  7264 | Bailey   | Killed a vault guard
  7265 | Bailey   | Reached skill level 10 in Fighting
  7587 | D:8      | Noticed a centaur warrior
  7592 | D:8      | Killed a centaur warrior
  7631 | D:8      | Found a staircase to the Lair.
  7796 | D:8      | Reached *** piety under the Shining One
  8001 | D:8      | Reached XP level 11. HP: 90/101 MP: 13/13
  8020 | D:8      | Reached skill level 5 in Invocations
  8039 | D:8      | Noticed a two-headed ogre
  8051 | D:8      | Noticed a purple ugly thing
  8054 | D:8      | Killed a two-headed ogre
  8060 | D:8      | Killed a purple ugly thing
  8077 | D:8      | Reached skill level 10 in Armour
  8200 | D:9      | Found a staircase to the Orcish Mines.
  8291 | D:9      | Noticed Amaemon
  8300 | D:9      | Killed Amaemon
  8424 | D:9      | Noticed Psyche
  8429 | D:9      | Killed Psyche
  8465 | D:9      | Noticed Erica
  8473 | D:9      | Killed Erica
  8484 | D:9      | Noticed a two-headed ogre
  8491 | D:9      | Killed a two-headed ogre
  8492 | D:9      | Reached skill level 15 in Axes
  8753 | D:9      | You fall into a shaft and drop 3 floors!
  8784 | D:12     | Noticed a red ugly thing
  8792 | D:12     | Killed a red ugly thing
  8846 | D:12     | Found Wamoujel's Sacrilege Store.
  8851 | D:12     | Reached **** piety under the Shining One
  9052 | D:12     | Noticed a green ugly thing
  9061 | D:12     | Killed a green ugly thing
  9132 | D:12     | Reached XP level 12. HP: 92/110 MP: 16/16
  9334 | D:10     | Entered Level 10 of the Dungeon
  9428 | D:9      | Identified the +1 chain mail of the Wasteland {Int+3}
  9909 | D:10     | Found a snail-covered altar of Cheibriados.
 10140 | D:11     | Identified the +5 scale mail "Put-Me-On" {Int+4}
 10280 | D:11     | Identified the +0 leather armour of Birdsong {Slay+3}
 10579 | D:11     | Found a runed translucent gate.
 10580 | D:11     | Found a runed translucent gate.
 10581 | D:11     | Found a runed translucent gate.
 10581 | D:11     | Noticed Buto's ghost (journeyman MeNe)
 10717 | D:12     | Reached ***** piety under the Shining One
 11698 | D:13     | Noticed a boulder beetle
 11721 | D:13     | Killed a boulder beetle
 11770 | D:13     | Got the Grimoire of Calescent Sinister Secrets
 11855 | D:13     | Paralysed by a floating eye for 4 turns
 11949 | D:13     | Noticed an eight-headed hydra
 11980 | D:13     | Killed an eight-headed hydra
 11981 | D:13     | Reached XP level 13. HP: 45/119 MP: 2/18
 12645 | Lair:1   | Entered Level 1 of the Lair of Beasts
 12740 | Lair:1   | Noticed Nergalle
 12749 | Lair:1   | Killed Nergalle
 13680 | Lair:2   | Found a hole to the Spider Nest.
 14822 | Lair:3   | Reached skill level 1 in Shields
 14879 | Lair:3   | Reached skill level 10 in Invocations
 15310 | Lair:3   | Found a staircase to the Swamp.
 15667 | Lair:4   | Found a gate leading to a gauntlet.
 15685 | Gauntlet | Entered a Gauntlet
 15685 | Gauntlet | Found a transporter.
 15685 | Gauntlet | Found a transporter.
 15685 | Gauntlet | Found a transporter.
 15685 | Gauntlet | Found a runed translucent gate.
 15787 | Gauntlet | Found a runed translucent gate.
 15788 | Gauntlet | Found a runed translucent gate.
 15796 | Gauntlet | Found a transporter.
 15799 | Gauntlet | Found a transporter.
 15810 | Gauntlet | Found a transporter.
 15810 | Gauntlet | Found a transporter.
 15825 | Gauntlet | Found a transporter.
 15841 | Gauntlet | Found a transporter.
 15860 | Gauntlet | Found a transporter.
 15861 | Gauntlet | Found a transporter.
 15876 | Gauntlet | Found a transporter.
 15934 | Gauntlet | Reached ****** piety under the Shining One
 15935 | Gauntlet | Reached XP level 14. HP: 127/133 MP: 20/20
 15996 | Gauntlet | Identified the ring of the Voracious Sultana {Ice rElec
                  | Dex+3 Stlth+}
 16828 | Lair:5   | Entered Level 5 of the Lair of Beasts
 16939 | Lair:5   | Reached skill level 5 in Shields
 16968 | Lair:5   | Reached skill level 15 in Fighting
 17676 | Lair:5   | Acquired the +2 hat of the Imp {Str+5}
 17775 | Lair:5   | Reached skill level 15 in Armour
 18299 | Lair:5   | Found a staircase to the Slime Pits.
 18300 | Lair:5   | Found a viscous altar of Jiyva.
 18670 | Lair:5   | Reached XP level 15. HP: 143/143 MP: 22/22
 19296 | D:4      | Killed Crazy Yiuf
 19518 | D:11     | Killed Buto's ghost
 20181 | D:14     | Found an opulent altar of Gozag.
 20444 | Abyss:3  | Cast into level 3 of the Abyss (a wizard)
 20502 | Abyss:3  | Found a corrupted altar of Lugonu.
 20563 | Abyss:3  | Noticed a lich
 20570 | Abyss:3  | Killed a lich
 20593 | Abyss:3  | Gained mutation: You are dopey. (Int -2) [a neqoxec]
 20615 | Abyss:3  | Noticed a bone dragon
 20624 | Abyss:3  | Killed a bone dragon
 20711 | D:14     | Escaped the Abyss
 20834 | D:14     | Found a gate to the Vaults.
 21261 | D:15     | Entered Level 15 of the Dungeon
 21418 | D:15     | Noticed Roxanne
 21677 | D:15     | Reached skill level 10 in Shields
 21979 | D:15     | Noticed Rupert
 21992 | D:15     | Killed Rupert
 22300 | D:15     | Reached XP level 16. HP: 155/155 MP: 24/24
 22324 | D:15     | Noticed a shadow dragon
 22326 | D:15     | a shadow dragon changed into a golden dragon
 22326 | D:15     | Noticed a golden dragon (glowing shapeshifter)
 22327 | D:15     | a golden dragon changed into a shadow dragon
 22327 | D:15     | Noticed a shadow dragon (glowing shapeshifter)
 22334 | D:15     | an iron dragon changed into a shadow dragon
 22334 | D:15     | Noticed a shadow dragon (glowing shapeshifter)
 22337 | D:15     | a shadow dragon changed into a quicksilver dragon
 22337 | D:15     | Noticed a quicksilver dragon (glowing shapeshifter)
 22340 | D:15     | Killed a quicksilver dragon
 22404 | D:15     | Found a staircase to the Depths.
 22727 | Spider:1 | Entered Level 1 of the Spider Nest
 23019 | Orc:1    | Entered Level 1 of the Orcish Mines
 23403 | Orc:2    | Entered Level 2 of the Orcish Mines
 23403 | Orc:2    | Found a staircase to the Elven Halls.
 24706 | Orc:2    | Found Luatras's General Store.
 24715 | Orc:2    | Found Pyurhir's Antique Armour Emporium.
 24716 | Orc:2    | Found Zyesuba's Weapon Shop.
 24723 | Orc:2    | Bought a pair of pitted gloves for 304 gold pieces
 24723 | Orc:2    | Identified the +1 pair of gloves of Spite {Int+4 Stlth+}
                  | (You bought it in a shop on level 2 of the Orcish Mines)
 24739 | Orc:2    | Found Lovapt's Antique Armour Shoppe.
 24935 | Orc:1    | Paralysed by an orc sorcerer for 3 turns
 27158 | Spider:2 | Reached XP level 17. HP: 166/166 MP: 26/26
 28603 | Spider:3 | Found a runed translucent door.
 29057 | Spider:3 | Reached skill level 1 in Throwing
 29219 | Spider:3 | Reached skill level 5 in Throwing
 29219 | Spider:3 | Reached XP level 18. HP: 174/174 MP: 28/28
 29307 | Spider:4 | Entered Level 4 of the Spider Nest
 30122 | Spider:4 | Reached skill level 15 in Invocations
 31622 | Spider:4 | Got a gossamer rune of Zot
 31956 | Swamp:1  | Entered Level 1 of the Swamp
 32459 | Swamp:1  | Reached XP level 19. HP: 118/183 MP: 29/29
 32646 | Swamp:1  | Noticed Louise
 32680 | Swamp:1  | Killed Louise
 33064 | Swamp:1  | Acquired 1113 gold pieces
 33158 | Swamp:1  | Found a shimmering altar of Xom.
 33374 | Swamp:2  | Noticed Mlioglotl
 33391 | Swamp:2  | Noticed a profane servitor
 33393 | Swamp:2  | Killed Mlioglotl
 33638 | Swamp:2  | Found a runed translucent gate.
 33639 | Swamp:2  | Found a runed translucent gate.
 33640 | Swamp:2  | Found a runed translucent gate.
 33667 | Swamp:2  | Noticed Lept's ghost (adept DsBe)
 33692 | Swamp:2  | Killed Lept's ghost
 34095 | Swamp:2  | Noticed Donald
 34111 | Swamp:2  | Killed Donald
 34222 | Swamp:3  | Reached skill level 15 in Shields
 34872 | Swamp:4  | Entered Level 4 of the Swamp
 35661 | Swamp:4  | Got a decaying rune of Zot
 36315 | Elf:1    | Entered Level 1 of the Elven Halls
 36403 | Elf:1    | Identified the +2 long sword "Hielug" {freeze, Int+3}
 36414 | Elf:1    | Found Bydoynen's Book Boutique.
 36416 | Elf:1    | Found Depsudu's Antique Weapon Shop.
 36419 | Elf:1    | Found Idoowiz's Antique Weapon Boutique.
 36425 | Elf:1    | Bought a glowing broad axe for 252 gold pieces
 37063 | Elf:1    | Paralysed by an air elemental for 1 turns
 37503 | Elf:2    | Reached XP level 20. HP: 97/195 MP: 30/30
 38026 | Elf:2    | Found a runed translucent gate.
 38027 | Elf:2    | Found a runed translucent gate.
 38027 | Elf:2    | Found a runed translucent gate.
 38548 | Elf:2    | Reached skill level 10 in Throwing
 39750 | Vaults:1 | Entered Level 1 of the Vaults
 40323 | Vaults:1 | Found Areazet's Book Boutique.
 40359 | Vaults:1 | Noticed Saint Roka
 40429 | Vaults:1 | Noticed Zenata
 40454 | Vaults:1 | Killed Zenata
 40463 | Vaults:1 | Killed Saint Roka
 42234 | Vaults:2 | Reached XP level 21. HP: 182/207 MP: 21/31
 43199 | Vaults:2 | Found a staircase to the Crypt.
 44142 | Vaults:3 | Found the amulet of Vitality {RegenMP++ Regen++}
 44148 | Vaults:3 | Found a transporter.
 44163 | Vaults:3 | Found a transporter.
 44249 | Vaults:3 | Reached skill level 5 in Dodging
 46184 | Vaults:4 | Found Feromam's General Store.
 46540 | Depths:1 | Entered Level 1 of the Depths
 46730 | Depths:1 | Noticed Bai Suzhen
 46762 | Depths:1 | Killed Bai Suzhen
 46781 | Depths:1 | Reached XP level 22. HP: 150/220 MP: 32/32
 47019 | Depths:1 | Paralysed by a floating eye for 4 turns
 47024 | Depths:1 | Paralysed by a floating eye for 3 turns
 47189 | Depths:1 | Found Wiakk's Firing Range.
 48026 | Depths:2 | Found a one-way gate leading to the halls of Pandemonium.
 48084 | Depths:2 | Found a gateway to Hell.
 48087 | Depths:2 | Found a one-way gate to the infinite horrors of the Abyss.
 48836 | Depths:2 | Paralysed by a floating eye for 3 turns
 48837 | Depths:2 | HP: 5/222 [living spell/divine providence[a walking divine
                  | tome] (15)]
 49355 | Depths:2 | Paralysed by a floating eye for 3 turns
 49370 | Depths:2 | Identified the ring "Daklioh" {rPois Dex+3}
 49370 | Depths:2 | Identified the +12 whip of the Forgotten Bounties {freeze,
                  | rC+ Dex+3}
 49380 | Depths:2 | Identified the +4 steam dragon scales of the Villain {rCorr
                  | Str-2 Int+5}
 50979 | Depths:3 | You fall into a shaft and drop 1 floor!
 50979 | Depths:4 | Entered Level 4 of the Depths
 51002 | Depths:4 | Noticed Margery
 51014 | Depths:4 | Killed Margery
 51042 | Depths:4 | Reached skill level 10 in Dodging
 51234 | Depths:4 | Identified the +0 cloak of Contentment {rC- MP-9 Str+6
                  | Int+3}
 51382 | Depths:3 | Noticed a juggernaut
 51816 | Depths:4 | Found a one-way gateway to a ziggurat.
 52101 | Depths:4 | Reached XP level 23. HP: 214/232 MP: 33/33
 52177 | Depths:3 | Killed a juggernaut
 52422 | Depths:3 | Found a runed translucent gate.
 52422 | Depths:3 | Found a runed translucent gate.
 52422 | Depths:3 | Found an ancient bone altar of Kikubaaqudgha.
 52422 | Depths:3 | Found a runed translucent gate.
 52422 | Depths:3 | Noticed a dread lich
 52423 | Depths:3 | Noticed Maso's ghost (veteran MiBe)
 52437 | Depths:3 | Found Xodemp's General Store.
 52440 | Depths:3 | Bought a scroll of teleportation for 54 gold pieces
 52440 | Depths:3 | Bought a potion of heal wounds for 90 gold pieces
 54058 | Depths:4 | Identified the +1 ring mail of the Orb Guardian {Rampage
                  | rF+ Will- Str+6}
 54338 | Depths:4 | Found a gate to the Realm of Zot.
 55134 | Vaults:5 | Entered Level 5 of the Vaults
 56229 | Vaults:5 | Noticed a dread lich
 56254 | Vaults:4 | Gained mutation: Potions are less effective at restoring
                  | your health. [a cacodemon]
 56257 | Vaults:4 | Killed a dread lich
 56526 | Vaults:5 | Noticed an ancient lich
 56554 | Vaults:4 | Killed an ancient lich
 56615 | Vaults:5 | Noticed a dread lich
 56817 | Vaults:4 | Killed a dread lich
 56882 | Vaults:4 | Reached XP level 24. HP: 185/245 MP: 33/33
 58020 | Vaults:5 | Acquired a manual of Conjurations
 58032 | Vaults:5 | Noticed an ancient lich
 58059 | Vaults:5 | Killed an ancient lich
 58187 | Vaults:5 | Found Omoezyv's Jewellery Shop.
 58203 | Vaults:5 | Got a silver rune of Zot
 58636 | Vaults:5 | Found Dafam's Distillery.
 58639 | Vaults:5 | Identified the +1 helmet "Qidygreop" {+Blink Int+3}
 58657 | Vaults:5 | Found Wupaleb's Distillery.
 58665 | Vaults:5 | Bought a potion of heal wounds for 120 gold pieces
 58665 | Vaults:5 | Bought a potion of curing for 72 gold pieces
 58665 | Vaults:5 | Bought a potion of resistance for 240 gold pieces
 58686 | Vaults:5 | Found Lejin's Magic Scroll Emporium.
 58691 | Vaults:5 | Bought a scroll of enchant weapon for 127 gold pieces
 58691 | Vaults:5 | Bought 2 scrolls of brand weapon for 323 gold pieces
 58708 | Vaults:5 | Noticed a dread lich
 58717 | Vaults:5 | Killed a dread lich
 58733 | Vaults:5 | Found Ofae's Distillery.
 59467 | Vaults:5 | Found Putoovud's Distillery.
 59475 | Vaults:5 | Bought a potion of resistance for 220 gold pieces
 59475 | Vaults:5 | Bought a potion of resistance for 220 gold pieces
 59475 | Vaults:5 | Bought a potion of magic for 176 gold pieces
 59475 | Vaults:5 | Bought 2 potions of resistance for 440 gold pieces
 59489 | Vaults:5 | Bought a potion of heal wounds for 100 gold pieces
 59489 | Vaults:5 | Bought a potion of experience for 1000 gold pieces
 59489 | Vaults:5 | Bought a potion of heal wounds for 100 gold pieces
 59489 | Vaults:5 | Bought a potion of might for 80 gold pieces
 59489 | Vaults:5 | Reached XP level 25. HP: 255/255 MP: 33/33
 59578 | Vaults:5 | Found Vuniob's Antique Armour Emporium.
 59584 | Vaults:5 | Bought a glowing crystal plate armour for 3071 gold pieces
 59597 | Vaults:5 | Found Sisiump's Distillery.
 59602 | Vaults:5 | Found Pido's Book Shoppe.
 59607 | Vaults:5 | Found Ippikloa's Magic Scroll Boutique.
 59610 | Vaults:5 | Bought a manual of Invocations for 1040 gold pieces
 59614 | Vaults:5 | Bought a scroll of fog for 56 gold pieces
 59614 | Vaults:5 | Bought a scroll of teleportation for 42 gold pieces
 59614 | Vaults:5 | Bought a scroll of teleportation for 42 gold pieces
 60155 | Depths:1 | Noticed Mara
 60159 | Depths:1 | Noticed Blinkfrogs's illusion
 60166 | Depths:1 | Killed Mara
 60545 | Zot:1    | Entered Level 1 of the Realm of Zot
 61246 | Zot:1    | You fall into a shaft and drop 1 floor!
 61586 | Zot:1    | Reached skill level 27 in Fighting
 62965 | Zot:2    | Identified the +0 chain mail of Instinct {Str+4}
 63057 | Zot:2    | Reached XP level 26. HP: 169/266 MP: 31/34
 64532 | Zot:3    | Noticed Parghit
 65234 | Zot:2    | Killed Parghit
 67623 | Zot:4    | Noticed Grunn
 67634 | Zot:4    | Killed Grunn
 67643 | Zot:4    | Reached skill level 27 in Armour
 68173 | Depths:3 | Voluntarily entered the Abyss.
 68532 | Abyss:3  | Got an abyssal rune of Zot
 68652 | Abyss:3  | Found a corrupted altar of Lugonu.
 68725 | Abyss:3  | Found a corrupted altar of Lugonu.
 68771 | Depths:3 | Escaped the Abyss
 68949 | D:15     | Killed Roxanne
 69324 | Vaults:3 | Identified the ring "Utzuom" {Contam rN+++ rCorr Slay+6
                  | Stlth-}
 69730 | Elf:3    | Entered Level 3 of the Elven Halls
 69790 | Elf:3    | Reached skill level 27 in Shields
 69802 | Elf:3    | Identified the +8 halberd "Cyerioh" {drain, rC+ Int-4
                  | Dex+7}
 70028 | Elf:3    | Identified the +1 morningstar of the Beast {vamp, *Slow
                  | rC++ Str+4 Stlth+}
 70109 | Elf:3    | Identified the ring "Diecs" {rF+ Will+ Slay+3}
 70189 | Elf:3    | Found Penk's Weapon Shop.
 70313 | Elf:3    | Identified the amulet "Yngelits" {Acrobat Regen+ Int+4}
 70379 | Elf:3    | Identified the +7 hand axe of Resumed Hostilities {spect,
                  | rC- Dex+5 SInv Stlth+}
 70386 | Elf:3    | Identified the +1 long sword "Rugoimor" {venom, Dex+5}
 70394 | Elf:3    | Identified the +1 long sword of Instant Death {freeze,
                  | rCorr MP-9 Dex+4 SInv}
 70417 | Elf:3    | Identified the ring of Dawn {Wiz Contam rPois Will+ rCorr}
 70432 | Elf:3    | Reached XP level 27. HP: 260/273 MP: 36/36
 70438 | Elf:3    | Gained mutation: Your body sometimes deteriorates upon
                  | taking damage. [a neqoxec]
 70544 | Elf:3    | Got the Secrets of Space
 70553 | Elf:3    | Got the Quarto of Accomplices
 70557 | Elf:3    | Identified the +11 shortbow "Soyprim" {heavy, *Slow rPois
                  | rCorr}
 70558 | Elf:3    | Identified the +7 spear "Ybrysuk" {elec, rElec Int+4}
 71253 | Crypt:1  | Entered Level 1 of the Crypt
 71375 | Crypt:1  | Found a magical portal.
 71406 | WizLab   | Entered The Chambers of the Cloud Mage
 71411 | WizLab   | Paralysed by an air elemental for 1 turns
 71416 | WizLab   | Paralysed by an air elemental for 1 turns
 71436 | WizLab   | Paralysed by an air elemental for 1 turns
 71498 | WizLab   | Paralysed by an air elemental for 1 turns
 71502 | WizLab   | Paralysed by an air elemental for 1 turns
 71528 | WizLab   | Paralysed by an air elemental for 1 turns
 71532 | WizLab   | Paralysed by an air elemental for 1 turns
 71633 | WizLab   | Paralysed by an air elemental for 1 turns
 71691 | WizLab   | Paralysed by an air elemental for 1 turns
 71742 | WizLab   | Paralysed by an air elemental for 1 turns
 71746 | WizLab   | Noticed Seheotsij
 71757 | WizLab   | Killed Seheotsij the Cloud Mage
 71790 | WizLab   | Identified the ring of the Gloaming {Fly rPois SInv}
 71794 | WizLab   | Identified the +6 sling "Nusydwar" {heavy, Str+3 Stlth+}
 71798 | WizLab   | Got the Anthology of Shifting Malevolent Words
 71799 | WizLab   | Identified the ring "Maxogeen" {Fly Int+4 Dex+3}
 71806 | WizLab   | Got the Catalogue of the Tempest
 71813 | WizLab   | Got the Anthology of the Volatile Squall
 73459 | Crypt:3  | Entered Level 3 of the Crypt
 74317 | Crypt:3  | Found a staircase to the Tomb.
 74665 | Crypt:3  | Found an ancient bone altar of Kikubaaqudgha.
 74668 | Crypt:3  | Found a basalt altar of Yredelemnul.
 74724 | Crypt:3  | Identified the +6 falchion of the Candelabrum {drain,
                  | *Noise Fly rPois Dex+4}
 74808 | Tomb:1   | Entered Level 1 of the Tomb of the Ancients
 74867 | Tomb:1   | Noticed a royal mummy
 74869 | Tomb:1   | Noticed Khufu
 74871 | Tomb:1   | Noticed a royal mummy
 74876 | Tomb:1   | Killed a royal mummy
 74879 | Tomb:1   | Identified a +8 broad axe of holy wrath (a +6 broad axe of
                  | electrocution blessed by the Shining One)
 74879 | Tomb:1   | Received a gift from the Shining One
 74880 | Tomb:1   | Killed Khufu
 74882 | Tomb:1   | Killed a royal mummy
 76127 | Tomb:1   | Noticed a royal mummy
 76150 | Tomb:1   | Killed a royal mummy
 76151 | Tomb:1   | Reached skill level 15 in Throwing
 76488 | Tomb:1   | Noticed a royal mummy
 76494 | Tomb:1   | Killed a royal mummy
 77032 | Tomb:2   | Noticed a royal mummy
 77033 | Tomb:2   | Noticed a royal mummy
 77033 | Tomb:2   | Noticed a royal mummy
 77034 | Tomb:2   | Noticed a royal mummy
 77075 | Tomb:2   | Killed a royal mummy
 77075 | Tomb:2   | Killed a royal mummy
 77077 | Tomb:2   | Killed a royal mummy
 77086 | Tomb:2   | Killed a royal mummy
 78036 | Tomb:1   | Noticed a royal mummy
 78043 | Tomb:1   | Killed a royal mummy
 78045 | Tomb:1   | Noticed a royal mummy
 78052 | Tomb:1   | Killed a royal mummy
 78082 | Tomb:1   | Noticed a royal mummy
 78089 | Tomb:1   | Killed a royal mummy
 78102 | Tomb:1   | Noticed a royal mummy
 78109 | Tomb:1   | Killed a royal mummy
 78321 | Tomb:1   | Noticed a royal mummy
 78328 | Tomb:1   | Killed a royal mummy
 78488 | Tomb:1   | Noticed a royal mummy
 78503 | Tomb:1   | Noticed a royal mummy
 78508 | Tomb:1   | Killed a royal mummy
 78520 | Tomb:1   | Killed a royal mummy
 78561 | Tomb:1   | Noticed a royal mummy
 78572 | Tomb:1   | Killed a royal mummy
 78572 | Tomb:1   | Noticed a royal mummy
 78581 | Tomb:1   | Killed a royal mummy
 78804 | Tomb:1   | Noticed a royal mummy
 78820 | Tomb:1   | Killed a royal mummy
 78981 | Tomb:1   | Noticed a royal mummy
 78993 | Tomb:1   | Noticed a royal mummy
 78997 | Tomb:1   | Killed a royal mummy
 79550 | Tomb:1   | Killed a royal mummy
 79686 | Tomb:1   | Noticed a royal mummy
 79696 | Tomb:1   | Killed a royal mummy
 79985 | Tomb:2   | Noticed Mennas
 80793 | Tomb:2   | Killed Mennas
 81969 | Vaults:5 | Bought a scroll of immolation for 56 gold pieces
 81981 | Vaults:5 | Bought a potion of curing for 63 gold pieces
 81981 | Vaults:5 | Bought a potion of heal wounds for 105 gold pieces
 81981 | Vaults:5 | Bought a potion of lignification for 63 gold pieces
 81981 | Vaults:5 | Bought 2 potions of curing for 126 gold pieces
 81981 | Vaults:5 | Bought a potion of heal wounds for 105 gold pieces
 82481 | Tomb:3   | Entered Level 3 of the Tomb of the Ancients
 82504 | Tomb:3   | Was placed under penance by the Shining One
 82519 | Tomb:3   | Found the dreamshard necklace {*Dream Drain}
 82526 | Tomb:3   | Noticed a royal mummy
 82531 | Tomb:3   | Noticed a royal mummy
 83083 | Crypt:3  | Was forgiven by the Shining One
 83433 | Depths:2 | Voluntarily entered the Abyss.
 83433 | Abyss:3  | Found a corrupted altar of Lugonu.
 83433 | Abyss:3  | Found a corrupted altar of Lugonu.
 83455 | Abyss:3  | Found a corrupted altar of Lugonu.
 83460 | Abyss:3  | Gained mutation: You are very dopey. (Int -4) [a neqoxec]
 83478 | Abyss:3  | Found a corrupted altar of Lugonu.
 83526 | Depths:2 | Escaped the Abyss
 84165 | Tomb:3   | Noticed a royal mummy
 84165 | Tomb:3   | Noticed a royal mummy
 84173 | Tomb:3   | Killed a royal mummy
 84173 | Tomb:3   | Noticed a royal mummy
 84181 | Tomb:3   | Noticed a royal mummy
 84536 | Tomb:3   | Killed a royal mummy
 84536 | Tomb:3   | Noticed a royal mummy
 84538 | Tomb:3   | Noticed a royal mummy
 84539 | Tomb:3   | Noticed a royal mummy
 85002 | Tomb:3   | Killed a royal mummy
 85004 | Tomb:3   | Killed a royal mummy
 85004 | Tomb:3   | Killed a royal mummy
 85009 | Tomb:3   | Killed a royal mummy
 85429 | Tomb:3   | Killed a royal mummy
 85441 | Tomb:3   | Killed a royal mummy
 85447 | Tomb:3   | Killed a royal mummy
 85774 | Tomb:3   | Lost mutation: Potions are less effective at restoring your
                  | health. [potion of mutation]
 85774 | Tomb:3   | Lost mutation: Your body sometimes deteriorates upon taking
                  | damage. [potion of mutation]
 85774 | Tomb:3   | Lost mutation: You are very dopey. (Int -4) [potion of
                  | mutation]
 85774 | Tomb:3   | Gained mutation: You are frail. (-10% HP) [potion of
                  | mutation]
 85774 | Tomb:3   | Gained mutation: You occasionally lose the ability to drink
                  | potions when taking damage. [potion of mutation]
 85774 | Tomb:3   | Lost mutation: You are clumsy. (Dex -2) [potion of
                  | mutation]
 85775 | Tomb:3   | Lost mutation: You are frail. (-10% HP) [potion of
                  | mutation]
 85775 | Tomb:3   | Lost mutation: Your movements are slightly less encumbered
                  | by armour. (ER -2) [potion of mutation]
 85775 | Tomb:3   | Gained mutation: You are clumsy. (Dex -2) [potion of
                  | mutation]
 85775 | Tomb:3   | Gained mutation: Your flesh is cold resistant. (rC+)
                  | [potion of mutation]
 85776 | Tomb:3   | Lost mutation: You are dopey. (Int -2) [potion of mutation]
 85776 | Tomb:3   | Lost mutation: You occasionally lose the ability to drink
                  | potions when taking damage. [potion of mutation]
 85776 | Tomb:3   | Lost mutation: You are clumsy. (Dex -2) [potion of
                  | mutation]
 85776 | Tomb:3   | Gained mutation: You are covered in fur. (AC +1) [potion of
                  | mutation]
 85776 | Tomb:3   | Gained mutation: You have hidden genetic potential. [potion
                  | of mutation]
 85776 | Tomb:3   | Gained mutation: You are agile. (Dex +4, Str/Int -1)
                  | [potion of mutation]
 85935 | Tomb:3   | Found the +9 staff of Olgreb {rPois∞}
 85987 | Tomb:3   | Identified the +10 dagger "Gram" {freeze, Str-3 Dex+3 SInv}
 86026 | Tomb:3   | Identified the +2 leather armour of Noypao {+Inv rElec
                  | Will+ Str+3}
 86066 | Tomb:3   | Got a golden rune of Zot
 86145 | Tomb:3   | Identified the +1 ring mail of Ehoalenug {Drain rElec rC+++
                  | Str-2}
 86171 | Tomb:3   | Identified the +1 leather armour "Xuaddesa" {Str+2}
 86739 | Hell     | Entered the Vestibule of Hell
 86739 | Hell     | Noticed Geryon
 86759 | Hell     | Killed Geryon
 86770 | Hell     | Found a gateway to the freezing wastes of Cocytus.
 86782 | Hell     | Reached skill level 1 in Evocations
 86870 | Hell     | Found a gateway to the decaying netherworld of Tartarus.
 87021 | Hell     | Found a gateway to the ashen valley of Gehenna.
 87156 | Hell     | Found a gateway to the Iron City of Dis.
 87677 | Coc:1    | Entered Level 1 of Cocytus
 87716 | Coc:1    | Paralysed by a wendigo for 1 turns
 87743 | Coc:1    | Paralysed by a wendigo for 1 turns
 88827 | Coc:2    | Reached skill level 5 in Evocations
 88856 | Coc:2    | Paralysed by a wendigo for 1 turns
 90867 | Coc:6    | Paralysed by a wendigo for 1 turns
 91008 | Geh:1    | Entered Level 1 of Gehenna
 91334 | Geh:1    | Noticed an ancient lich
 91334 | Geh:1    | Noticed a dread lich
 91334 | Geh:1    | Noticed a dread lich
 91334 | Geh:1    | Noticed an ancient lich
 91346 | Geh:1    | Killed a dread lich
 91346 | Geh:1    | Killed an ancient lich
 91347 | Geh:1    | Killed an ancient lich
 91350 | Geh:1    | Noticed an ancient lich
 91352 | Geh:1    | Noticed a dread lich
 91354 | Geh:1    | Gained mutation: Your skin changes colour to match your
                  | surroundings (Stealth+). [hidden potential]
 91357 | Geh:1    | Killed an ancient lich
 91361 | Geh:1    | Noticed an ancient lich
 91365 | Geh:1    | Killed a dread lich
 91370 | Geh:1    | Killed an ancient lich
 91371 | Geh:1    | Killed a dread lich
 91379 | Geh:1    | Noticed a dread lich
 91388 | Geh:1    | Killed a dread lich
 92113 | Geh:3    | Noticed an ancient lich
 92122 | Geh:3    | Killed an ancient lich
 93753 | Geh:7    | Entered Level 7 of Gehenna
 94191 | Geh:7    | Noticed the Serpent of Hell
 94206 | Geh:7    | Killed the Serpent of Hell
 94791 | Geh:7    | Found the +7 sceptre of Asmodeus
 94791 | Geh:7    | Noticed Asmodeus
 94825 | Geh:7    | Killed Asmodeus
 95256 | Geh:7    | Got an obsidian rune of Zot
 95435 | Tar:1    | Entered Level 1 of Tartarus
 95542 | Tar:1    | Gained mutation: You expend magic power (3 MP) to
                  | strengthen your wands. [hidden potential]
 95542 | Tar:1    | Lost mutation: You have hidden genetic potential. [hidden
                  | potential expressed]
 96234 | Tar:3    | Reached skill level 15 in Dodging
 96667 | Tar:4    | You fall into a shaft and drop 2 floors!
 96690 | Tar:6    | Reached skill level 27 in Invocations
 97208 | Tar:7    | Entered Level 7 of Tartarus
100407 | Tar:7    | Identified the ring of Ahuhorgh {rC+ rCorr}
100409 | Tar:7    | Identified the +1 glaive of Callousness {protect, Str+3
                  | Dex+2}
100858 | Tar:7    | Identified the +1 rapier of Kutaxug {freeze, rN+}
100858 | Tar:7    | Noticed Ereshkigal
100873 | Tar:7    | Paralysed by Ereshkigal for 5 turns
100886 | Tar:7    | Killed Ereshkigal
101136 | Tar:7    | Reached skill level 27 in Axes
101227 | Tar:7    | Identified the +0 robe of the Trees {rN++}
101229 | Tar:7    | Identified the +7 long sword of Oteocif {elec, rF+ Str+2
                  | Int+4 Dex+3}
101234 | Tar:7    | Got a bone rune of Zot
101247 | Tar:7    | Identified the +4 ring mail of Lethargy {Regen+}
101250 | Tar:7    | Identified the +6 dagger of Entrepreneurial Spirit
                  | {protect, Str+7}
101251 | Tar:7    | Identified the +4 scimitar "Rouran" {speed, Int+3}
101552 | Tar:7    | Identified the +4 long sword "Okhaocuf" {distort, rElec
                  | Will+ Int+3}
101789 | Dis:1    | Entered Level 1 of the Iron City of Dis
104150 | Depths:2 | Voluntarily entered the Abyss.
104404 | Abyss:4  | Found a corrupted altar of Lugonu.
104404 | Abyss:4  | Noticed an ancient lich
104415 | Abyss:4  | Killed an ancient lich
104537 | Abyss:4  | Paralysed by accursed screaming for 1 turns
104553 | Depths:2 | Escaped the Abyss
105643 | Depths:2 | Voluntarily entered the Abyss.
105680 | Abyss:4  | Found a corrupted altar of Lugonu.
105885 | Abyss:4  | Noticed an ancient lich
105888 | Abyss:4  | Killed an ancient lich
105891 | Abyss:4  | Gained mutation: Your magical capacity is low. (-10% MP) [a
                  | neqoxec]
106037 | Abyss:4  | Reached skill level 10 in Evocations
106180 | Abyss:4  | Found a corrupted altar of Lugonu.
106296 | Depths:2 | Escaped the Abyss
106610 | Dis:5    | Noticed a dread lich
106619 | Dis:5    | Killed a dread lich
107308 | Dis:7    | Entered Level 7 of the Iron City of Dis
108071 | Dis:7    | Noticed a juggernaut
108085 | Dis:7    | Killed a juggernaut
108899 | Dis:7    | Noticed a juggernaut
108911 | Dis:7    | Killed a juggernaut
108912 | Dis:7    | Noticed a juggernaut
108931 | Dis:7    | Killed a juggernaut
109173 | Dis:7    | Found the +4 staff of Dispater
109173 | Dis:7    | Noticed Dispater
109202 | Dis:7    | Killed Dispater
109221 | Dis:7    | Identified the +2 long sword of Pandemonium {heavy, rPois
                  | rC+ rCorr Stlth+}
109223 | Dis:7    | Identified the +6 hand crossbow of the Madman {freeze,
                  | MP+9}
109225 | Dis:7    | Got an iron rune of Zot
109245 | Dis:7    | Identified the +1 leather armour "Giugetuk" {rPois Str+2}
109597 | Zig:1    | Entered Level 1 of a ziggurat
109616 | Zig:2    | Entered Level 2 of a ziggurat
109650 | Zig:3    | Entered Level 3 of a ziggurat
109692 | Zig:4    | Entered Level 4 of a ziggurat
109730 | Zig:5    | Entered Level 5 of a ziggurat
109776 | Zig:6    | Entered Level 6 of a ziggurat
109781 | Zig:6    | Found the +11 plutonium sword {Contam Stlth-}
109827 | Zig:7    | Entered Level 7 of a ziggurat
109880 | Zig:7    | Identified the +0 shortbow "Wevuxadgh" {drain, +Blink
                  | Dex+4}
109890 | Zig:8    | Entered Level 8 of a ziggurat
109946 | Zig:8    | Identified the amulet "Ajabruec" {rPois Regen+ Int+6}
109951 | Zig:9    | Entered Level 9 of a ziggurat
109978 | Zig:9    | Identified the ring of Saywkebo {rElec Will+++ Str-5 Dex-5
                  | SInv}
109998 | Zig:10   | Entered Level 10 of a ziggurat
110040 | Zig:10   | Identified the amulet "Yharuy" {Faith Drain Str+4}
110043 | Zig:10   | Got the Almanac of the Quarry
110049 | Zig:10   | Identified the +0 scale mail of the Sky {+Blink Str+6
                  | Int-3}
110135 | Zig:11   | Entered Level 11 of a ziggurat
110146 | Zig:11   | Found the +8 Wrath of Trog {antimagic, *Rage Rampage}
110160 | Zig:11   | Gained mutation: You have hidden genetic defects. [a
                  | shining eye]
110162 | Zig:11   | Gained mutation: You are dopey. (Int -2) [a shining eye]
110162 | Zig:11   | Gained mutation: Your magical capacity is very low. (-20%
                  | MP) [a shining eye]
110166 | Zig:11   | Gained mutation: Your magical capacity is extremely low.
                  | (-30% MP) [a shining eye]
110170 | Zig:11   | Lost mutation: You are covered in fur. (AC +1) [potion of
                  | mutation]
110170 | Zig:11   | Lost mutation: You are agile. (Dex +4, Str/Int -1) [potion
                  | of mutation]
110170 | Zig:11   | Lost mutation: Your skin changes colour to match your
                  | surroundings (Stealth+). [potion of mutation]
110171 | Zig:11   | Lost mutation: Your magical capacity is extremely low.
                  | (-30% MP) [potion of mutation]
110171 | Zig:11   | Lost mutation: Your magical capacity is very low. (-20% MP)
                  | [potion of mutation]
110171 | Zig:11   | Lost mutation: You are dopey. (Int -2) [potion of mutation]
110171 | Zig:11   | Gained mutation: Your magical capacity is very low. (-20%
                  | MP) [potion of mutation]
110171 | Zig:11   | Gained mutation: You occasionally lose the ability to read
                  | scrolls when taking damage. [potion of mutation]
110172 | Zig:11   | Lost mutation: Your flesh is cold resistant. (rC+) [potion
                  | of mutation]
110172 | Zig:11   | Lost mutation: You occasionally lose the ability to read
                  | scrolls when taking damage. [potion of mutation]
110172 | Zig:11   | Lost mutation: You expend magic power (3 MP) to strengthen
                  | your wands. [potion of mutation]
110172 | Zig:11   | Gained mutation: You are strong-willed. (Will+) [potion of
                  | mutation]
110172 | Zig:11   | Gained mutation: Your body sometimes deteriorates upon
                  | taking damage. [potion of mutation]
110172 | Zig:11   | Gained mutation: You expend magic power (3 MP) to
                  | strengthen your wands. [potion of mutation]
110173 | Zig:11   | Lost mutation: Your magical capacity is very low. (-20% MP)
                  | [potion of mutation]
110173 | Zig:11   | Lost mutation: You are strong-willed. (Will+) [potion of
                  | mutation]
110173 | Zig:11   | Lost mutation: Your magical capacity is low. (-10% MP)
                  | [potion of mutation]
110173 | Zig:11   | Lost mutation: You have hidden genetic defects. [potion of
                  | mutation]
110202 | Zig:12   | Entered Level 12 of a ziggurat
110239 | Zig:12   | Identified the +6 morningstar of Ancient Evil {speed, Str+3
                  | Stlth+}
110398 | Zig:13   | Entered Level 13 of a ziggurat
110552 | Zig:13   | Identified the +6 battleaxe "Xojewut" {venom, rPois Str-5
                  | Int+3 Dex+5}
110570 | Zig:14   | Entered Level 14 of a ziggurat
110607 | Zig:14   | Reached skill level 15 in Evocations
110772 | Zig:15   | Entered Level 15 of a ziggurat
110943 | Zig:15   | Identified the +4 hand axe "Ivufre" {vamp, rPois rF+++ rN+
                  | Dex-3}
110956 | Zig:15   | Got Puri's Directory of Variation
110970 | Zig:16   | Entered Level 16 of a ziggurat
110983 | Zig:16   | HP: 13/273 [??? (4)]
110985 | Zig:16   | Noticed Ziaqast the pandemonium lord
111696 | Slime:1  | Entered Level 1 of the Pits of Slime
112013 | Slime:3  | Gained mutation: You occasionally lose the ability to drink
                  | potions when taking damage. [a shining eye]
112600 | Slime:3  | Gained mutation: You occasionally shout uncontrollably at
                  | your foes. [a shining eye]
112601 | Slime:3  | Gained mutation: You are frail. (-10% HP) [a shining eye]
112640 | Slime:5  | Entered Level 5 of the Pits of Slime
112738 | Slime:5  | Gained mutation: You have hidden genetic defects. [a
                  | shining eye]
113231 | Slime:5  | Paralysed by a great orb of eyes for 3 turns
113262 | Slime:5  | Found a viscous altar of Jiyva.
113265 | Slime:5  | Noticed the Royal Jelly
113268 | Slime:5  | Identified the -1 tower shield of Intercession {Harm Regen+
                  | Dex+5}
113291 | Slime:5  | Killed the Royal Jelly
113398 | Slime:5  | Found the +10 dark maul {heavy}
113401 | Slime:5  | Identified the +5 scimitar "Qatzol" {spect, *Noise Will+
                  | Int+2}
113403 | Slime:5  | Got a slimy rune of Zot
113411 | Slime:5  | Acquired a manual of Short Blades
113434 | Slime:5  | Identified the +9 arbalest "Waschoh" {penet, Dex+3 Stlth+}
113446 | Slime:5  | Identified the +6 hand axe "Geobrine" {chaos, rC+ SInv}
113478 | Slime:5  | Identified the +8 hand axe of the Wishes {drain, rF+ Str+2
                  | Int+5 Stlth-}
113497 | Slime:5  | Identified the +1 robe of Ebownauc {Rampage Dex+2}
114220 | Zot:5    | Entered Level 5 of the Realm of Zot
114310 | Zot:5    | Reached skill level 1 in Translocations
114449 | Zot:5    | Gained mutation: You are dopey. (Int -2) [hidden defects]
114734 | Zot:5    | Noticed an ancient lich
114737 | Zot:5    | Killed an ancient lich
114752 | Zot:5    | Noticed an orb of fire
114769 | Zot:5    | Gained mutation: You are very dopey. (Int -4) [an orb of
                  | fire]
114774 | Zot:5    | Killed an orb of fire
114844 | Zot:5    | Noticed an orb of fire
115003 | Zot:5    | Gained mutation: You are clumsy. (Dex -2) [an orb of fire]
115012 | Zot:5    | Killed an orb of fire
115265 | Zot:5    | Gained mutation: You occasionally lose the ability to read
                  | scrolls when taking damage. [hidden defects]
115265 | Zot:5    | Lost mutation: You have hidden genetic defects. [hidden
                  | defects expressed]
115325 | Zot:5    | Lost mutation: You expend magic power (3 MP) to strengthen
                  | your wands. [potion of mutation]
115325 | Zot:5    | Lost mutation: You are frail. (-10% HP) [potion of
                  | mutation]
115325 | Zot:5    | Lost mutation: You are clumsy. (Dex -2) [potion of
                  | mutation]
115325 | Zot:5    | Gained mutation: You are vulnerable to heat. (rF-) [potion
                  | of mutation]
115325 | Zot:5    | Gained mutation: You have sharp toenails. [potion of
                  | mutation]
115326 | Zot:5    | Lost mutation: You have sharp toenails. [potion of
                  | mutation]
115326 | Zot:5    | Lost mutation: You occasionally shout uncontrollably at
                  | your foes. [potion of mutation]
115326 | Zot:5    | Gained mutation: Your movements are slightly less
                  | encumbered by armour. (ER -2) [potion of mutation]
115327 | Zot:5    | Lost mutation: You are vulnerable to heat. (rF-) [potion of
                  | mutation]
115327 | Zot:5    | Lost mutation: You occasionally lose the ability to drink
                  | potions when taking damage. [potion of mutation]
115327 | Zot:5    | Lost mutation: You occasionally lose the ability to read
                  | scrolls when taking damage. [potion of mutation]
115327 | Zot:5    | Gained mutation: You occasionally lose the ability to drink
                  | potions when taking damage. [potion of mutation]
115327 | Zot:5    | Gained mutation: Your muscles are strong. (Str +4, Int/Dex
                  | -1) [potion of mutation]
115328 | Zot:5    | Lost mutation: Your movements are slightly less encumbered
                  | by armour. (ER -2) [potion of mutation]
115328 | Zot:5    | Lost mutation: Your body sometimes deteriorates upon taking
                  | damage. [potion of mutation]
115328 | Zot:5    | Lost mutation: Your muscles are strong. (Str +4, Int/Dex
                  | -1) [potion of mutation]
115328 | Zot:5    | Lost mutation: You occasionally lose the ability to drink
                  | potions when taking damage. [potion of mutation]
115328 | Zot:5    | Lost mutation: You are very dopey. (Int -4) [potion of
                  | mutation]
115328 | Zot:5    | Gained mutation: You are partially covered in large bone
                  | plates. (SH +4) [potion of mutation]
115344 | Zot:5    | Noticed a dread lich
115349 | Zot:5    | Noticed an orb of fire
115349 | Zot:5    | Noticed an orb of fire
115350 | Zot:5    | Noticed an orb of fire
115354 | Zot:5    | Killed a dread lich
115356 | Zot:5    | Noticed an orb of fire
115357 | Zot:5    | Noticed an orb of fire
115365 | Zot:5    | Killed an orb of fire
115380 | Zot:5    | Gained mutation: You are frail. (-10% HP) [an orb of fire]
115641 | Zot:5    | Gained mutation: Your muscles are strong. (Str +4, Int/Dex
                  | -1) [an orb of fire]
115651 | Zot:5    | Killed an orb of fire
115694 | Zot:5    | Gained mutation: You are very dopey. (Int -4) [an orb of
                  | fire]
115698 | Zot:5    | Killed an orb of fire
115717 | Zot:5    | Gained mutation: You sometimes lose your temper in combat.
                  | [an orb of fire]
115719 | Zot:5    | Gained mutation: Your body sometimes deteriorates upon
                  | taking damage. [an orb of fire]
115729 | Zot:5    | Gained mutation: Your body often deteriorates upon taking
                  | damage. [an orb of fire]
115731 | Zot:5    | Killed an orb of fire
115734 | Zot:5    | Noticed a dread lich
115746 | Zot:5    | Killed a dread lich
115837 | Zot:5    | Killed an orb of fire
116010 | Depths:2 | Lost mutation: You are very dopey. (Int -4) [potion of
                  | mutation]
116010 | Depths:2 | Lost mutation: You are partially covered in large bone
                  | plates. (SH +4) [potion of mutation]
116010 | Depths:2 | Lost mutation: Your muscles are strong. (Str +4, Int/Dex
                  | -1) [potion of mutation]
116010 | Depths:2 | Gained mutation: You have a pair of large horns on your
                  | head. [potion of mutation]
116010 | Depths:2 | Lost mutation: You are frail. (-10% HP) [potion of
                  | mutation]
116010 | Depths:2 | Lost mutation: You sometimes lose your temper in combat.
                  | [potion of mutation]
116011 | Depths:2 | Lost mutation: Your body often deteriorates upon taking
                  | damage. [potion of mutation]
116011 | Depths:2 | Lost mutation: You are dopey. (Int -2) [potion of mutation]
116011 | Depths:2 | Gained mutation: Your body often deteriorates upon taking
                  | damage. [potion of mutation]
116011 | Depths:2 | Gained mutation: You are agile. (Dex +4, Str/Int -1)
                  | [potion of mutation]
116011 | Depths:2 | Gained mutation: You have a somewhat thin skeletal
                  | structure. (Dex +2, Stealth+) [potion of mutation]
116012 | Depths:2 | Lost mutation: Your body often deteriorates upon taking
                  | damage. [potion of mutation]
116012 | Depths:2 | Lost mutation: Your body sometimes deteriorates upon taking
                  | damage. [potion of mutation]
116012 | Depths:2 | Gained mutation: You are partially covered in iridescent
                  | scales. (AC +2) [potion of mutation]
116012 | Depths:2 | Gained mutation: You are strong-willed. (Will+) [potion of
                  | mutation]
116012 | Depths:2 | Gained mutation: You are vulnerable to heat. (rF-) [potion
                  | of mutation]
116012 | Depths:2 | Gained mutation: You have very sharp teeth. [potion of
                  | mutation]
116014 | Pan      | Entered Pandemonium
116072 | Pan      | Identified the +11 dagger of Exquisite Torment {flame,
                  | *Noise Fly rC+}
116405 | Pan      | Noticed Hinemporch the pandemonium lord
116422 | Pan      | Killed Hinemporch the pandemonium lord
116423 | Pan      | Reached skill level 5 in Translocations
116434 | Pan      | Learned a level 2 spell: Blink
116721 | Pan      | Noticed Ignacio
116736 | Pan      | Killed Ignacio
116771 | Pan      | Noticed Woummutt the pandemonium lord
116789 | Pan      | Killed Woummutt the pandemonium lord
117602 | Pan      | Noticed Nisoas the pandemonium lord
117613 | Pan      | Killed Nisoas the pandemonium lord
118402 | Pan      | Found an exit through the horrors of the Abyss.
118832 | Pan      | Noticed Istey the pandemonium lord
118853 | Pan      | Killed Istey the pandemonium lord
118878 | Pan      | Entered the realm of Cerebov.
119184 | Pan      | Found an exit through the horrors of the Abyss.
119195 | Pan      | Identified the +7 mace of Atohomm {holy, Str+3}
119248 | Pan      | Lost mutation: You are partially covered in iridescent
                  | scales. (AC +2) [potion of mutation]
119248 | Pan      | Lost mutation: You have a somewhat thin skeletal structure.
                  | (Dex +2, Stealth+) [potion of mutation]
119248 | Pan      | Gained mutation: You are dopey. (Int -2) [potion of
                  | mutation]
119248 | Pan      | Gained mutation: Your natural rate of healing is unusually
                  | fast. [potion of mutation]
119249 | Pan      | Lost mutation: You are agile. (Dex +4, Str/Int -1) [potion
                  | of mutation]
119249 | Pan      | Lost mutation: You are vulnerable to heat. (rF-) [potion of
                  | mutation]
119249 | Pan      | Gained mutation: You expend magic power (3 MP) to
                  | strengthen your wands. [potion of mutation]
119249 | Pan      | Lost mutation: You are strong-willed. (Will+) [potion of
                  | mutation]
119249 | Pan      | Gained mutation: Your body sometimes deteriorates upon
                  | taking damage. [potion of mutation]
119655 | Pan      | Identified the +11 broad axe of the Nurturing Gods {heavy,
                  | rElec}
119807 | Pan      | Found the +6 sword of Cerebov {flame}
119807 | Pan      | Noticed Cerebov
119831 | Pan      | Killed Cerebov
119949 | Pan      | Got the Meditations on the Amorphous Cure
119977 | Pan      | Got a fiery rune of Zot
120185 | Pan      | Noticed Hothu the pandemonium lord
120194 | Pan      | Killed Hothu the pandemonium lord
120992 | Pan      | Noticed Aniress the pandemonium lord
120994 | Pan      | Gained mutation: Your body often deteriorates upon taking
                  | damage. [a cacodemon]
121007 | Pan      | Killed Aniress the pandemonium lord
121010 | Pan      | Gained mutation: Potions are less effective at restoring
                  | your health. [mutagenic glow]
121026 | Pan      | Gained mutation: You occasionally shout uncontrollably at
                  | your foes. [mutagenic glow]
121041 | Pan      | Gained mutation: You occasionally lose the ability to drink
                  | potions when taking damage. [mutagenic glow]
121042 | Pan      | Lost mutation: You are dopey. (Int -2) [potion of mutation]
121042 | Pan      | Lost mutation: You have a pair of large horns on your head.
                  | [potion of mutation]
121042 | Pan      | Lost mutation: You have very sharp teeth. [potion of
                  | mutation]
121042 | Pan      | Gained mutation: You sometimes lose the ability to drink
                  | potions when taking damage. [potion of mutation]
121042 | Pan      | Gained mutation: Your flesh is cold resistant. (rC+)
                  | [potion of mutation]
121043 | Pan      | Lost mutation: You sometimes lose the ability to drink
                  | potions when taking damage. [potion of mutation]
121043 | Pan      | Lost mutation: Your flesh is cold resistant. (rC+) [potion
                  | of mutation]
121043 | Pan      | Lost mutation: Your body often deteriorates upon taking
                  | damage. [potion of mutation]
121043 | Pan      | Gained mutation: You are agile. (Dex +4, Str/Int -1)
                  | [potion of mutation]
121043 | Pan      | Gained mutation: Your movements are slightly less
                  | encumbered by armour. (ER -2) [potion of mutation]
121044 | Pan      | Lost mutation: Potions are less effective at restoring your
                  | health. [potion of mutation]
121044 | Pan      | Lost mutation: You expend magic power (3 MP) to strengthen
                  | your wands. [potion of mutation]
121044 | Pan      | Lost mutation: Your movements are slightly less encumbered
                  | by armour. (ER -2) [potion of mutation]
121044 | Pan      | Gained mutation: You sometimes lose the ability to drink
                  | potions when taking damage. [potion of mutation]
121044 | Pan      | Lost mutation: You are agile. (Dex +4, Str/Int -1) [potion
                  | of mutation]
121045 | Pan      | Lost mutation: Your body sometimes deteriorates upon taking
                  | damage. [potion of mutation]
121045 | Pan      | Lost mutation: Your natural rate of healing is unusually
                  | fast. [potion of mutation]
121045 | Pan      | Gained mutation: You are partially covered in iridescent
                  | scales. (AC +2) [potion of mutation]
121046 | Pan      | Lost mutation: You sometimes lose the ability to drink
                  | potions when taking damage. [potion of mutation]
121046 | Pan      | Lost mutation: You occasionally shout uncontrollably at
                  | your foes. [potion of mutation]
121046 | Pan      | Gained mutation: Your spells are a little harder to cast,
                  | but a little more powerful. [potion of mutation]
121047 | Pan      | Lost mutation: You occasionally lose the ability to drink
                  | potions when taking damage. [potion of mutation]
121047 | Pan      | Lost mutation: You are partially covered in iridescent
                  | scales. (AC +2) [potion of mutation]
121047 | Pan      | Gained mutation: You have a pair of large horns on your
                  | head. [potion of mutation]
121047 | Pan      | Lost mutation: You have a pair of large horns on your head.
                  | [potion of mutation]
121047 | Pan      | Gained mutation: You occasionally shout uncontrollably at
                  | your foes. [potion of mutation]
121047 | Pan      | Gained mutation: You have a somewhat thin skeletal
                  | structure. (Dex +2, Stealth+) [potion of mutation]
121116 | Pan      | Found an exit through the horrors of the Abyss.
121491 | Pan      | Identified the +1 pair of boots of Activism {Contam rElec
                  | rC+++ Dex+4}
121502 | Pan      | Gained mutation: Your body sometimes deteriorates upon
                  | taking damage. [a neqoxec]
121503 | Pan      | Gained mutation: Your body often deteriorates upon taking
                  | damage. [a neqoxec]
121664 | Pan      | Found an exit through the horrors of the Abyss.
121782 | Pan      | Noticed Asmiu the pandemonium lord
121794 | Pan      | Killed Asmiu the pandemonium lord
122175 | Pan      | Gained mutation: Armour fits poorly on your strangely
                  | shaped body. [a cacodemon]
122230 | Pan      | Gained mutation: You are vulnerable to heat. (rF-) [a
                  | neqoxec]
122237 | Pan      | Gained mutation: You are clumsy. (Dex -2) [a neqoxec]
122247 | Pan      | Found an exit through the horrors of the Abyss.
122332 | Pan      | Reached skill level 27 in Dodging
122390 | Pan      | Noticed Nyok the pandemonium lord
122399 | Pan      | Gained mutation: You sometimes lose your temper in combat.
                  | [a neqoxec]
122403 | Pan      | Killed Nyok the pandemonium lord
122845 | Pan      | Noticed Wasepy the pandemonium lord
122856 | Pan      | Killed Wasepy the pandemonium lord
123006 | Pan      | Found an exit through the horrors of the Abyss.
123461 | Pan      | Found a runed translucent door.
123469 | Pan      | Reached skill level 27 in Throwing
123688 | Pan      | Noticed Qoyjud the pandemonium lord
123696 | Pan      | Killed Qoyjud the pandemonium lord
123697 | Pan      | Reached skill level 10 in Translocations
123704 | Pan      | Gained mutation: You have an uncontrollable temper. [a
                  | neqoxec]
124789 | Pan      | Noticed Keareggo the pandemonium lord
124803 | Pan      | Killed Keareggo the pandemonium lord
124810 | Pan      | Got a demonic rune of Zot
124880 | Pan      | Entered the realm of Gloorx Vloq.
125062 | Pan      | Learned a level 4 spell: Manifold Assault
125370 | Pan      | Found an exit through the horrors of the Abyss.
125684 | Pan      | Noticed Gloorx Vloq
125726 | Pan      | Lost mutation: Your body often deteriorates upon taking
                  | damage. [potion of mutation]
125726 | Pan      | Lost mutation: Armour fits poorly on your strangely shaped
                  | body. [potion of mutation]
125726 | Pan      | Gained mutation: A frigid envelope surrounds you and
                  | freezes all who hurt you. [potion of mutation]
125726 | Pan      | Gained mutation: Your mind is acute. (Int +4, Str/Dex -1)
                  | [potion of mutation]
125727 | Pan      | Lost mutation: You occasionally shout uncontrollably at
                  | your foes. [potion of mutation]
125727 | Pan      | Lost mutation: You have a somewhat thin skeletal structure.
                  | (Dex +2, Stealth+) [potion of mutation]
125727 | Pan      | Gained mutation: You have a somewhat thin skeletal
                  | structure. (Dex +2, Stealth+) [potion of mutation]
125727 | Pan      | Lost mutation: You have an uncontrollable temper. [potion
                  | of mutation]
125728 | Pan      | Lost mutation: You are vulnerable to heat. (rF-) [potion of
                  | mutation]
125728 | Pan      | Lost mutation: Your spells are a little harder to cast, but
                  | a little more powerful. [potion of mutation]
125728 | Pan      | Lost mutation: You sometimes lose your temper in combat.
                  | [potion of mutation]
125728 | Pan      | Gained mutation: You are partially covered in iridescent
                  | scales. (AC +2) [potion of mutation]
125728 | Pan      | Gained mutation: You expend magic power (3 MP) to
                  | strengthen your wands. [potion of mutation]
126189 | Pan      | Killed Gloorx Vloq
126453 | Pan      | Got a dark rune of Zot
126648 | Pan      | Entered the realm of Mnoleg.
126654 | Pan      | Gained mutation: You are frail. (-10% HP) [a cacodemon]
126700 | Pan      | Found an exit through the horrors of the Abyss.
127046 | Pan      | Noticed Mnoleg
127053 | Pan      | Killed Mnoleg
127107 | Pan      | Lost mutation: Your mind is acute. (Int +4, Str/Dex -1) [a
                  | cacodemon]
127119 | Pan      | Got a glowing rune of Zot
127371 | Pan      | Noticed Meun the pandemonium lord
127658 | Pan      | Killed Meun the pandemonium lord
128101 | Pan      | Identified the amulet "Ukeedwal" {Acrobat MP+9 Int+3}
128129 | Pan      | Identified the +0 flail "Gakkus" {distort, rElec Int+4
                  | Dex-5}
128434 | Pan      | Entered the realm of Lom Lobon.
129212 | Pan      | Noticed Lom Lobon
129245 | Pan      | Killed Lom Lobon
129512 | Pan      | Got a magical rune of Zot
129705 | Depths:2 | Escaped Pandemonium
130081 | Coc:7    | Entered Level 7 of Cocytus
130107 | Coc:7    | Paralysed by a wendigo for 1 turns
130114 | Coc:7    | Paralysed by a wendigo for 1 turns
130519 | Coc:7    | Noticed Antaeus
130553 | Coc:7    | Killed Antaeus
130953 | Coc:7    | Got an icy rune of Zot
131284 | Zot:5    | Lost mutation: You have a somewhat thin skeletal structure.
                  | (Dex +2, Stealth+) [potion of mutation]
131284 | Zot:5    | Lost mutation: You are partially covered in iridescent
                  | scales. (AC +2) [potion of mutation]
131284 | Zot:5    | Lost mutation: Your body sometimes deteriorates upon taking
                  | damage. [potion of mutation]
131284 | Zot:5    | Lost mutation: You are clumsy. (Dex -2) [potion of
                  | mutation]
131285 | Zot:5    | Got the Orb of Zot
131612 | D:15     | Noticed Neoddewn the pandemonium lord
131621 | D:15     | Killed Neoddewn the pandemonium lord
131745 | D:9      | Noticed Hoco the pandemonium lord
131769 | D:8      | Noticed Lipinuts the pandemonium lord
131777 | D:8      | Noticed Qumuh the pandemonium lord
131780 | D:8      | Killed Lipinuts the pandemonium lord
131784 | D:8      | Killed Qumuh the pandemonium lord
131939 | D:$      | Escaped with the Orb!

Illustrated notes

Levels and vault maps discovered:
D:1:      matt_arrival_diagonals, layout_rooms
D:2:      layout_loops_cross, shapermc_ecumenical_altar_rom_forum,
          minmay_tripent
D:3:      layout_rooms, uniq_terence
D:4:      layout_cave_pods, uniq_crazy_yiuf_cottage, uniq_natasha, uniq_duvessa
D:5:      layout_loops_ring, lightli_sewer_entry_pipes, st_stairs_10
D:6:      minmay_razor_zed, layout_loops_ring,
          nicolae_overflow_hallway_of_the_gods, st_stairs_10,
          due_unseen_surprise, uniq_prince_ribbit1
D:7:      layout_loops_cross, minmay_temple_entry_statues_pillars, uniq_joseph
D:8:      minmay_chambers_of_sevens, layout_cave_pools, lair_entry_dummy,
          enter_bailey_2, kennysheep_just_a_vault
D:9:      layout_irregular_city, orc_0_dummy, uniq_erica, uniq_amaemon,
          uniq_psyche
D:10:     layout_rooms, kennysheep_little_box
D:11:     layout_small_grid, gammafunk_ghost_nasty_kobolds
D:12:     layout_stronghold, nicolae_evil_shop
D:13:     cheibrodos_hippocracy, layout_basic
D:14:     layout_basic, david_vaults_5,
          nicolae_gozag_cash_rules_everything_around_me
D:15:     gammafunk_enter_depths_forms, layout_loops_ring,
          minmay_misc_feat_secret_circle, grunt_decor_arrowhead,
          minmay_misc_feat_five, uniq_rupert, uniq_roxanne
Lair:1:   layout_long_grid, nzn_sisyphean_effort, infiniplex_staircase_pool,
          grunt_megastairs_2, uniq_nergalle
Lair:2:   layout_cave_pods, nicolae_spider_entry_non_spiders, minivault_23
Lair:3:   layout_loops_ring, nicolae_swamp_entry_splash_gauntlet,
          serial_bayou_shore_b
Lair:4:   layout_gridlike, gauntlet_entry_generic, st_stairs_3,
          forest_entry_grove
Lair:5:   hangedman_lair_tendril_chambers, layout_misc_corridors,
          hangedman_lair_caniforms_friends, nicolae_slime_entry_slimehenge,
          lemuel_fruit_tree
Swamp:1:  layout_basic_swamp, nicolae_swamp_godswood, uniq_louise
Swamp:2:  layout_basic_swamp, gammafunk_ghost_necromancy,
          evilmike_swamp_ruin_house_6, nicolae_swamp_small_spring, uniq_donald,
          uniq_mlioglotl
Swamp:3:  layout_falls_marsh, hangedman_swamp_diagram,
          infiniplex_staircase_pool_2
Swamp:4:  swamp_alternative, layout_basic_swamp
Spider:1: layout_spider_delve
Spider:2: layout_spider_delve
Spider:3: cheibrodos_spider_deadly_dance, nicolae_spider_swamp_cousins
Spider:4: grunt_spider_rune_circles, drop_trap
Slime:1:  layout_caves
Slime:2:  layout_caves
Slime:3:  layout_caves
Slime:4:  layout_caves
Slime:5
Orc:1:    layout_caves, minmay_orc_treasury
Orc:2:    st_orc_open, layout_caves
Elf:1:    layout_gridlike, hangedman_elven_crosses_minicolossus,
          minmay_shop_star
Elf:2:    nicolae_elf_blades_crystal_corner, layout_gridlike,
          serial_sigils_hangedman_stare, corexii_checkpoint_a, amethyst_killhole
Elf:3:    grunt_elf_hall_spiral, layout_gridlike, serial_shops, shop,
          minivault_16, minivault_28
Vaults:1: v_misc_9, hangedman_vaults_stagger, nicolae_vaults_little_squares_5,
          vaults_room_pools, v_rooms_4, hangedman_vaults_stitches,
          vaults_room_grid, vaults_standard_mumra_enter_the_diamond,
          layout_vaults_big_room, serial_shops, shop_coins, uniq_saint_roka,
          uniq_zenata
Vaults:2: blue_anna_dwarven_crypt, vaults_mumra_chevron,
          vaults_dpeg_emergency_exit, nicolae_vaults_puzzle_piece, v_misc_5,
          hangedman_vaults_snaps, ontoclasm_vaults_gateway,
          grunt_vaults_hallway_short, ontoclasm_vaults_chip,
          ontoclasm_vaults_decontamination, layout_vaults_omnigrid
Vaults:3: nicolae_vaults_hallways_thing, gammafunk_the_bubble
          [the_bubble_gammafunk_crates], hangedman_vaults_capsules,
          vaults_dpeg_hooks, v_misc_30, hangedman_vaults_corner_blocks,
          v_misc_12, v_rooms_4, dpeg_vaults_monster_box, v_misc_1,
          layout_vaults_maze
Vaults:4: v_misc_10, nicolae_vaults_asterisk, ontoclasm_vaults_tryst,
          vaults_standard_mumra_enter_the_diamond, vaults_room_door_hall,
          v_misc_19, vaults_standard_mumra_enter_the_diamond,
          nicolae_vaults_ring_of_whatevers, hangedman_vaults_impose,
          ontoclasm_vaults_claustrophobia, vaults_room_semicircle,
          hangedman_vaults_corner, vaults_room_corners, v_misc_8,
          layout_vaults_omnicross, serial_shops, shop
Vaults:5: serial_shops
Crypt:1:  layout_misc_corridors, infiniplex_enter_wizlab_spiral,
          grunt_ministairs_14
Crypt:2:  layout_basic, hex_medium, minmay_misc_feat_hallway,
          roderic_lattice_octagonal_star
Crypt:3:  lightli_unholy_cathedral, layout_chaotic_city,
          tomb_entry_shell_bobbens, grunt_megastairs_3
Tomb:1:   uniq_khufu
Tomb:2:   uniq_mennas
Tomb:3
Depths:1: layout_basic, chequers_serial_rivers_marsh, hellmouth_2,
          nicolae_shop_firing_range, uniq_mara, uniq_bai_suzhen
Depths:2: minmay_the_grid_octo_tiled_octocenter [minmay_the_grid_octo_toaster,
          minmay_the_grid_octo_fat_diamond, minmay_the_grid_octo_checkered,
          minmay_the_grid_octo_clover_2,
          minmay_the_grid_octo_prize_square_snowflake,
          minmay_the_grid_square_5x5_intrusive_squares,
          minmay_the_grid_square_5x5_minimal,
          minmay_the_grid_square_5x5_six_small,
          minmay_the_grid_square_5x5_trominoes], layout_basic,
          chequers_hall_statues_corner_a, abyss_entry, hell_entry, pan_entry,
          laboratory
Depths:3: minmay_imperfect_grid, layout_basic,
          nicolae_abyss_entry_one_way_or_another, serial_shops,
          kennysheep_mini_moat, chequers_serial_rivers_large_a,
          pf_hell_entry_tar_spiral, gammafunk_ghost_crypt, st_stairs_1,
          minmay_staircase_statues
Depths:4: grunt_zot_entry_gee_three, layout_basic, enter_ziggurat_a, hell_entry,
          minmay_misc_feat_tower, uniq_margery
Hell
Dis:1:    layout_subdivisions
Dis:2:    layout_gridville, nicolae_hells_seeping_fissure
Dis:3:    hangedman_dis_monolith, layout_regular_city
Dis:4:    nicolae_dis_array, layout_gridville, glass_columns_a,
          nicolae_dis_emergency_hatch
Dis:5:    layout_jigsaw
Dis:6:    layout_gridville, nicolae_dis_spooky_hallway
Dis:7:    dis_grunt_layers
Geh:1:    layout_gehenna_pools_basic, nicolae_hells_leichenhalle
Geh:2:    layout_gehenna_lava_caves
Geh:3:    layout_gehenna_pools_box
Geh:4:    layout_gehenna_lava_caves, nicolae_hells_seeping_fissure
Geh:5:    layout_gehenna_pools_triple, nicolae_geh_gnashing_of_teeth
Geh:6:    layout_gehenna_lava_caves
Geh:7:    evilmike_geh
Coc:1:    layout_cocytus_delve
Coc:2:    nicolae_coc_bergin, layout_cocytus_delve
Coc:3:    layout_ice_bergs
Coc:4:    layout_cocytus_water_paths
Coc:5:    layout_cocytus_water_paths
Coc:6:    layout_ice_bergs
Coc:7:    coc_dpeg
Tar:1:    layout_catacombs
Tar:2:    layout_honeycomb
Tar:3:    layout_honeycomb
Tar:4:    layout_grid_maze, nicolae_hells_hurtin_island
Tar:6:    layout_grid_maze
Tar:7:    tar_minmay_river
Zot:1:    layout_gridlike
Zot:2:    layout_misc_corridors
Zot:3:    layout_concentric_octagons, uniq_parghit
Zot:4:    layout_basic, uniq_grunn
Zot:5:    layout_basic, grunt_megastairs_5

Skill      XL: |  1  2  3  4  5  6  7  8  9 10 11 12 13 14 15 16 17 18 19 20 21 22 23 24 25 26 27 |
---------------+----------------------------------------------------------------------------------+-----
Axes           | 4 5 6 7 8 10 12 14 15 17 18 27 | 27.0
Armour         | 1 2 3 4 5 6 8 9 11 12 14 15 16 18 19 20 21 23 24 25 26 27 | 27.0
Fighting       | 4 5 6 7 9 10 11 12 14 15 17 18 19 20 22 23 24 25 26 27 | 27.0
Invocations    | 2 4 6 8 10 11 12 14 15 16 20 27 | 27.0
Shields        | 3 7 10 12 13 14 16 19 21 22 23 24 25 27 | 27.0
Throwing       | 5 6 9 10 11 27 | 27.0
Dodging        | 7 10 11 27 | 27.0
Evocations     | 23 | 23.0
Translocations | 14 | 14.8
Stealth        | |  1.5

Action                     |  1- 3 |  4- 6 |  7- 9 | 10-12 | 13-15 | 16-18 | 19-21 | 22-24 | 25-27 || total
---------------------------+-------+-------+-------+-------+-------+-------+-------+-------+-------++-------
  Melee: Hand axe          |    92 |   146 |    57 |       |       |       |       |       |       ||   295
         Headbutt          |    15 |    30 |    34 |    90 |   201 |   347 |   559 |   635 |  2942 ||  4853
         Battleaxe         |       |       |   157 |   260 |   648 |    19 |       |       |       ||  1084
         Whip              |       |       |       |     4 |       |       |       |       |       ||     4
         Scimitar          |       |       |       |       |    16 |       |       |       |       ||    16
         Punch             |       |       |       |       |     1 |       |       |       |       ||     1
         Broad axe         |       |       |       |       |       |   997 |  1351 |  1386 |  7042 || 10776
         War axe           |       |       |       |       |       |    10 |   201 |       |       ||   211
         Bite              |       |       |       |       |       |       |       |       |    91 ||    91
  Throw: Dart              |       |     2 |       |       |       |       |       |     1 |       ||     3
         Javelin           |       |       |       |       |       |       |       |       |    91 ||    91
 Invoke: Cleansing Flame   |       |       |       |     3 |       |     4 |    45 |    33 |   390 ||   475
         Summon Divine War |       |       |       |       |     3 |     3 |     6 |     6 |    46 ||    64
         Divine Shield     |       |       |       |       |       |       |     5 |     9 |    32 ||    46
         Brand Weapon With |       |       |       |       |       |       |       |       |     1 ||     1
  Evoke: Wand              |       |       |       |       |     1 |       |       |       |    13 ||    14
         Box of beasts     |       |       |       |       |       |       |       |       |     2 ||     2
         Phantom mirror    |       |       |       |       |       |       |       |       |     1 ||     1
    Use: Potion            |       |     3 |     2 |     1 |     2 |     4 |     8 |     8 |    89 ||   117
         Scroll            |       |     3 |    10 |    10 |     9 |     5 |     6 |     7 |    57 ||   107
   Stab: Distracted        |     1 |       |       |       |       |       |       |       |       ||     1
         Sleeping          |     1 |     1 |     1 |       |       |       |       |       |       ||     3
 Armour: Robe              |    11 |     4 |       |       |       |       |       |       |       ||    15
         Scale mail        |       |    51 |    58 |       |       |       |       |       |       ||   109
         Chain mail        |       |       |    59 |   151 |   211 |       |       |       |       ||   421
         Plate armour      |       |       |       |       |   123 |   791 |   646 |   346 |       ||  1906
         Crystal plate arm |       |       |       |       |       |       |       |       |   158 ||   158
         Gold dragon scale |       |       |       |       |       |       |       |       |  1743 ||  1743
  Dodge: Dodged            |    52 |    62 |   158 |   127 |   223 |   401 |   298 |   328 |  1391 ||  3040
  Block: Other             |       |       |       |    54 |    94 |       |       |       |       ||   148
         Reflection        |       |       |       |     5 |     3 |    17 |    61 |    56 |   113 ||   255
         Buckler           |       |       |       |       |       |   859 |   303 |       |       ||  1162
         Tower shield      |       |       |       |       |       |       |  1100 |  1540 |  7921 || 10561

Table legend: (Time is in decaauts)
 A = Elapsed time spent in this place.
 B = Non-inter-level travel time spent in this place.
 C = Inter-level travel time spent in this place.
 D = Time resting spent in this place.
 E = Time spent auto-exploring this place.
 F = Levels seen in this place.
 G = Mean time per level.
                   A        B        C        D        E       F      G
               +--------+--------+--------+--------+--------+-----+--------+
         Total | 130074 | 113164 |  16910 |  36034 |  44534 | 129 | 1008.3 |
       Dungeon |  19896 |  14100 |   5796 |   1935 |   8849 |  15 | 1326.4 |
          Lair |   6698 |   5354 |   1344 |    793 |   3574 |   5 | 1339.6 |
         Swamp |   3853 |   3687 |    166 |   1196 |   1687 |   4 |  963.2 |
   Spider Nest |   5934 |   5465 |    469 |   1350 |   2865 |   4 | 1483.5 |
    Slime Pits |   1903 |   1805 |     98 |    309 |    838 |   5 |  380.6 |
  Orcish Mines |   2984 |   2804 |    180 |   1426 |    794 |   2 | 1492.0 |
   Elven Halls |   4690 |   4263 |    427 |   1130 |   1897 |   3 | 1563.3 |
        Vaults |  11684 |   9777 |   1907 |   3154 |   4305 |   5 | 2336.8 |
         Crypt |   3657 |   2854 |    803 |    330 |   1579 |   3 | 1219.0 |
          Tomb |   9553 |   8117 |   1436 |   5208 |    580 |   3 | 3184.3 |
        Depths |  10954 |   8770 |   2184 |   3304 |   3640 |   4 | 2738.5 |
          Hell |   4108 |   3920 |    188 |   3021 |    343 |   1 | 4108.0 |
           Dis |   3946 |   3689 |    257 |   1475 |    341 |   7 |  563.7 |
       Gehenna |   3876 |   3493 |    383 |   1494 |    509 |   7 |  553.7 |
       Cocytus |   2949 |   2585 |    364 |    873 |    620 |   7 |  421.3 |
      Tartarus |   6417 |   6200 |    217 |   3144 |   1606 |   6 | 1069.5 |
           Zot |   8676 |   7994 |    682 |   3008 |   2717 |   5 | 1735.2 |
         Abyss |   1862 |   1862 |      0 |      0 |    291 |   6 |  310.3 |
   Pandemonium |  13395 |  13395 |      0 |   2174 |   7090 |  17 |  787.9 |
      Ziggurat |   1322 |   1322 |      0 |    291 |    216 |  16 |   82.6 |
         Sewer |    520 |    520 |      0 |    183 |     53 |   1 |  520.0 |
        Bailey |    322 |    322 |      0 |    171 |      0 |   1 |  322.0 |
        Wizlab |    466 |    466 |      0 |      0 |      8 |   1 |  466.0 |
      Gauntlet |    400 |    400 |      0 |     63 |    128 |   1 |  400.0 |
               +--------+--------+--------+--------+--------+-----+--------+

Top non-repeatable levels by time:
  Tomb:1: 5573 daAuts
   Tar:7: 4649 daAuts
    Hell: 4108 daAuts
Vaults:4: 4021 daAuts
Depths:2: 3563 daAuts
    D:14: 3192 daAuts
  Tomb:2: 3102 daAuts
Depths:4: 2609 daAuts
Depths:1: 2490 daAuts
    D:15: 2374 daAuts
Depths:3: 2291 daAuts
Vaults:1: 2250 daAuts
   Zot:2: 2249 daAuts
Spider:4: 2190 daAuts
   Dis:7: 2022 daAuts
